Workbook
Name Constr: '12-027-АР'!$A$7
Name Constr: '12-027-АТХ1'!$A$7
Name Constr: '12-027-АТХ2'!$A$7
Name Constr: '12-027-ТХ'!$A$7
Name Constr: '12-027-ЭМ.СМ'!$A$7
Name FOT: '12-027-АР'!$D$17
Name FOT: '12-027-АТХ1'!$D$19
Name FOT: '12-027-АТХ2'!$D$19
Name FOT: '12-027-ТХ'!$D$20
Name FOT: '12-027-ЭМ.СМ'!$D$19
Name Ind: '12-027-АР'!$H$9
Name Ind: '12-027-АТХ1'!$H$9
Name Ind: '12-027-АТХ2'!$H$9
Name Ind: '12-027-ТХ'!$H$9
Name Ind: '12-027-ЭМ.СМ'!$H$9
Name Obj: '12-027-АР'!$E$12
Name Obj: '12-027-АТХ1'!$E$12
Name Obj: '12-027-АТХ2'!$E$12
Name Obj: '12-027-ТХ'!$E$12
Name Obj: '12-027-ЭМ.СМ'!$E$12
Name Obosn: '12-027-АР'!$D$15
Name Obosn: '12-027-АТХ1'!$D$15
Name Obosn: '12-027-АТХ2'!$D$15
Name Obosn: '12-027-ТХ'!$D$15
Name Obosn: '12-027-ЭМ.СМ'!$D$15
Name SmPr: '12-027-АР'!$D$16
Name SmPr: '12-027-АТХ1'!$D$16
Name SmPr: '12-027-АТХ2'!$D$16
Name SmPr: '12-027-ТХ'!$D$16
Name SmPr: '12-027-ЭМ.СМ'!$D$16
Name аааааппппппрррппппппп: #REF!
Name аааааппппппрррппппппп: #REF!
Name аараооооооооооооо: #REF!
Name аараооооооооооооо: #REF!
Name автом: #REF!
Name автом: #REF!
Name алшрльоплварл: #REF!
Name алшрльоплварл: #REF!
Name аолвлддддддддддддддддввввввввв: #REF!
Name аолвлддддддддддддддддввввввввв: #REF!
Name апарв: #REF!
Name апарв: #REF!
Name апрлдджаоырыфрпопрлпрлпрлп: #REF!
Name апрлдджаоырыфрпопрлпрлпрлп: #REF!
Name арлггаджаш: #REF!
Name арлггаджаш: #REF!
Name ароррбллтблпроорапииас: #REF!
Name ароррбллтблпроорапииас: #REF!
Name арррррблллпдрлдддддддддд: #REF!
Name арррррблллпдрлдддддддддд: #REF!
Name варпаааааааааа: #REF!
Name варпаааааааааа: #REF!
Name ввпьььььлднд: #REF!
Name ввпьььььлднд: #REF!
Name вед: #REF!
Name вед: #REF!
Name вертикальная: #REF!
Name вертикальная: #REF!
Name вертикплан: #REF!
Name вертикплан: #REF!

Sheet 12-027-АР
A1: СОГЛАСОВАНО: | M1: УТВЕРЖДАЮ:
A4: _________________ | M4: _________________
A5: " _____ " ________________ 2013 г. | M5: "____" ______________2013 г.
H6: ФГУП "Комбинат Электрохимприбор", г.Лесной Свердловской области
H7: (наименование стройки)
H9: ЛОКАЛЬНЫЙ СМЕТНЫЙ РАСЧЕТ № 12-027-АР.СМ
H10: (локальная смета)
D12: Архитектурные решения к проекту: Модернизация системы технологической водоподготовки бассейна профилактория комбината
H13: (наименование работ и затрат, наименование объекта)
D15: Основание: 12-027-АР
D16: Сметная стоимость строительных работ _______________________________________________________________________________________________ | J16: ___________________________2,936 | L16: тыс. руб.
D17: Средства на оплату труда _______________________________________________________________________________________________ | J17: ___________________________0,424 | L17: тыс. руб.
D18: Сметная трудоемкость _______________________________________________________________________________________________ | J18: _______________________________________________________________________________________________32,57 | L18: чел.час
D19: Составлен(а) в текущих (прогнозных) ценах по состоянию на 2001г.
A22: № пп | B22: Обосно- вание | C22: Наименование | D22: Ед. изм. | E22: Кол. | F22: Стоимость единицы, руб. | J22: Общая стоимость, руб. | N22: Т/з осн. раб.на ед. | O22: Т/з осн. раб. Всего | P22: Т/з мех. на ед. | Q22: Т/з мех. Всего
F23: Всего | G23: В том числе | J23: Всего | K23: В том числе
G24: Осн.З/п | H24: Эк.Маш | I24: З/пМех | K24: Осн.З/п | L24: Эк.Маш | M24: З/пМех
A25: 1 | B25: 2 | C25: 3 | D25: 4 | E25: 5 | F25: 6 | G25: 7 | H25: 8 | I25: 9 | J25: 10 | K25: 11 | L25: 12 | M25: 13 | N25: 14 | O25: 15 | P25: 16 | Q25: 17
A26: Раздел 1. Полы
A27: Тип 1
A28: 1 | B28: ТЕР11-01-011-01 Постан.Правит.Свердл.обл. от 10.11.10 №1616-ПП | C28: Устройство стяжек цементных толщиной 20 мм (средняя толщина 40 мм) (При ремонте и реконструкции зданий и сооружений работы, аналогичные технологическим процессам в новом строительстве (п. 3.4 Указаний к ТЕРр) ОЗП=1,15; ЭМ=1,25 к расх.; ЗПМ=1,25; ТЗ=1,15; ТЗМ=1,25) НР (37 руб.): 123%*0.9 от ФОТ (33 руб.) СП (21 руб.): 75%*0.85 от ФОТ (33 руб.) | D28: 100 м2 стяжки | E28: 0,0618 6,18 / 100 | F28: 2039.92 | G28: 508.44 | H28: 70.33 | I28: 24.8 | J28: 126 | K28: 31 | L28: 4 | M28: 2 | N28: 45.4365 | O28: 2.81 | P28: 1.5875 | Q28: 0.1
A29: 2 | B29: ТЕР11-01-011-02 Постан.Правит.Свердл.обл. от 10.11.10 №1616-ПП | C29: Устройство стяжек на каждые 5 мм изменения толщины стяжки добавлять или исключать к расценке 11-01-011-01 (ПЗ=4 (ОЗП=4; ЭМ=4 к расх.; ЗПМ=4; МАТ=4 к расх.; ТЗ=4; ТЗМ=4) (1-й уровень); При ремонте и реконструкции зданий и сооружений работы, аналогичные технологическим процессам в новом строительстве (п. 3.4 Указаний к ТЕРр) ОЗП=1,15; ЭМ=1,25 к расх.; ЗПМ=1,25; ТЗ=1,15; ТЗМ=1,25 (1-й уровень)) НР (2 руб.): 123%*0.9 от ФОТ (2 руб.) СП (1 руб.): 75%*0.85 от ФОТ (2 руб.) | D29: 100 м2 стяжки | E29: 0,0618 6,18 / 100 | F29: 1508.8 | G29: 23.24 | H29: 41.48 | I29: 13.94 | J29: 93 | K29: 1 | L29: 3 | M29: 1 | N29: 2.075 | O29: 0.13 | P29: 0.8925 | Q29: 0.06
A30: 3 | B30: ТЕР11-01-004-01 Постан.Правит.Свердл.обл. от 10.11.10 №1616-ПП | C30: Устройство гидроизоляции оклеечной рулонными материалами 2 734,92 = 3 452,96 - 116 x 6,19 (При ремонте и реконструкции зданий и сооружений работы, аналогичные технологическим процессам в новом строительстве (п. 3.4 Указаний к ТЕРр) ОЗП=1,15; ЭМ=1,25 к расх.; ЗПМ=1,25; ТЗ=1,15; ТЗМ=1,25) НР (58 руб.): 123%*0.9 от ФОТ (52 руб.) СП (33 руб.): 75%*0.85 от ФОТ (52 руб.) | D30: 100 м2 изолируемой поверхности | E30: 0,0618 6,18 / 100 | F30: 2954.78 | G30: 843.34 | H30: 549.31 | I30: 7.61 | J30: 183 | K30: 52 | L30: 34 | N30: 53.107 | O30: 3.28 | P30: 0.4875 | Q30: 0.03
A31: 4 | B31: ФССЦ-101-3380 И1-Пр. Минрегион от 04.03.10 №94 | C31: Унифлекс ЭПП (Приведение расценок ФЕР к территориальному уровню (Письмо УРЦЦС Ц-297 от 12.04.2011) ОЗП=1,41; ЭМ=1,242; ЗПМ=1,41; МАТ=1,052 (1-й уровень); При ремонте и реконструкции зданий и сооружений работы, аналогичные технологическим процессам в новом строительстве (п. 3.4 Указаний к ТЕРр) ОЗП=1,15; ЭМ=1,25 к расх.; ЗПМ=1,25; ТЗ=1,15; ТЗМ=1,25 (1-й уровень)) | D31: м2 | E31: 7,169 6,18*1,16 | F31: 30.1 | J31: 216
A32: 5 | B32: ТЕР11-01-011-01 Постан.Правит.Свердл.обл. от 10.11.10 №1616-ПП | C32: Устройство стяжек цементных толщиной 20 мм (15 мм) (При ремонте и реконструкции зданий и сооружений работы, аналогичные технологическим процессам в новом строительстве (п. 3.4 Указаний к ТЕРр) ОЗП=1,15; ЭМ=1,25 к расх.; ЗПМ=1,25; ТЗ=1,15; ТЗМ=1,25) НР (37 руб.): 123%*0.9 от ФОТ (33 руб.) СП (21 руб.): 75%*0.85 от ФОТ (33 руб.) | D32: 100 м2 стяжки | E32: 0,0618 6,18 / 100 | F32: 2039.92 | G32: 508.44 | H32: 70.33 | I32: 24.8 | J32: 126 | K32: 31 | L32: 4 | M32: 2 | N32: 45.4365 | O32: 2.81 | P32: 1.5875 | Q32: 0.1
A33: 6 | B33: ТЕР11-01-011-02 Постан.Правит.Свердл.обл. от 10.11.10 №1616-ПП | C33: Устройство стяжек на каждые 5 мм изменения толщины стяжки добавлять или исключать к расценке 11-01-011-01 (При ремонте и реконструкции зданий и сооружений работы, аналогичные технологическим процессам в новом строительстве (п. 3.4 Указаний к ТЕРр) ОЗП=1,15; ЭМ=1,25 к расх.; ЗПМ=1,25; ТЗ=1,15; ТЗМ=1,25) НР 123%*0.9 от ФОТ СП 75%*0.85 от ФОТ | D33: 100 м2 стяжки | E33: -0,0618 -6,18 / 100 | F33: 379.66 | G33: 6.44 | H33: 12.2 | I33: 4.1 | J33: -23 | L33: -1 | N33: 0.575 | O33: -0.04 | P33: 0.2625 | Q33: -0.02
A34: 7 | B34: ТЕР11-01-027-06 Постан.Правит.Свердл.обл. от 10.11.10 №1616-ПП | C34: Устройство покрытий на растворе их сухой смеси с приготовлением раствора в построечных условиях из плиток гладких неглазурованных керамических для полов одноцветных 9 469,22 = 10 157,72 - 450 x 1,53 (При ремонте и реконструкции зданий и сооружений работы, аналогичные технологическим процессам в новом строительстве (п. 3.4 Указаний к ТЕРр) ОЗП=1,15; ЭМ=1,25 к расх.; ЗПМ=1,25; ТЗ=1,15; ТЗМ=1,25) НР (122 руб.): 123%*0.9 от ФОТ (110 руб.) СП (70 руб.): 75%*0.85 от ФОТ (110 руб.) | D34: 100 м2 покрытия | E34: 0,0618 6,18 / 100 | F34: 9735.92 | G34: 1697.04 | H34: 226.74 | I34: 78.34 | J34: 602 | K34: 105 | L34: 14 | M34: 5 | N34: 137.747 | O34: 8.51 | P34: 5.275 | Q34: 0.33
A35: 8 | B35: ФССЦ-101-4371 И1-Пр. Минрегион от 04.03.10 №94 | C35: Клей плиточный «Ceresit» CM11 (Приведение расценок ФЕР к территориальному уровню (Письмо УРЦЦС Ц-297 от 12.04.2011) ОЗП=1,41; ЭМ=1,242; ЗПМ=1,41; МАТ=1,052 (1-й уровень); При ремонте и реконструкции зданий и сооружений работы, аналогичные технологическим процессам в новом строительстве (п. 3.4 Указаний к ТЕРр) ОЗП=1,15; ЭМ=1,25 к расх.; ЗПМ=1,25; ТЗ=1,15; ТЗМ=1,25 (1-й уровень)) | D35: кг | E35: 27.81 | F35: 3.14 | J35: 87
A36: Тип 2
A37: 9 | B37: ТЕР11-01-011-01 Постан.Правит.Свердл.обл. от 10.11.10 №1616-ПП | C37: Устройство стяжек цементных толщиной 20 мм (15 мм) (При ремонте и реконструкции зданий и сооружений работы, аналогичные технологическим процессам в новом строительстве (п. 3.4 Указаний к ТЕРр) ОЗП=1,15; ЭМ=1,25 к расх.; ЗПМ=1,25; ТЗ=1,15; ТЗМ=1,25) НР (7 руб.): 123%*0.9 от ФОТ (6 руб.) СП (4 руб.): 75%*0.85 от ФОТ (6 руб.) | D37: 100 м2 стяжки | E37: 0,0123 1,23 / 100 | F37: 2039.92 | G37: 508.44 | H37: 70.33 | I37: 24.8 | J37: 25 | K37: 6 | L37: 1 | N37: 45.4365 | O37: 0.56 | P37: 1.5875 | Q37: 0.02
A38: 10 | B38: ТЕР11-01-011-02 Постан.Правит.Свердл.обл. от 10.11.10 №1616-ПП | C38: Устройство стяжек на каждые 5 мм изменения толщины стяжки добавлять или исключать к расценке 11-01-011-01 (При ремонте и реконструкции зданий и сооружений работы, аналогичные технологическим процессам в новом строительстве (п. 3.4 Указаний к ТЕРр) ОЗП=1,15; ЭМ=1,25 к расх.; ЗПМ=1,25; ТЗ=1,15; ТЗМ=1,25) НР 123%*0.9 от ФОТ СП 75%*0.85 от ФОТ | D38: 100 м2 стяжки | E38: -0,0123 -1,23 / 100 | F38: 379.66 | G38: 6.44 | H38: 12.2 | I38: 4.1 | J38: -5 | N38: 0.575 | O38: -0.01 | P38: 0.2625
A39: 11 | B39: ТЕР11-01-027-06 Постан.Правит.Свердл.обл. от 10.11.10 №1616-ПП | C39: Устройство покрытий на растворе их сухой смеси с приготовлением раствора в построечных условиях из плиток гладких неглазурованных керамических для полов одноцветных 9 469,22 = 10 157,72 - 450 x 1,53 (При ремонте и реконструкции зданий и сооружений работы, аналогичные технологическим процессам в новом строительстве (п. 3.4 Указаний к ТЕРр) ОЗП=1,15; ЭМ=1,25 к расх.; ЗПМ=1,25; ТЗ=1,15; ТЗМ=1,25) НР (24 руб.): 123%*0.9 от ФОТ (22 руб.) СП (14 руб.): 75%*0.85 от ФОТ (22 руб.) | D39: 100 м2 покрытия | E39: 0,0123 1,23 / 100 | F39: 9735.92 | G39: 1697.04 | H39: 226.74 | I39: 78.34 | J39: 120 | K39: 21 | L39: 3 | M39: 1 | N39: 137.747 | O39: 1.69 | P39: 5.275 | Q39: 0.06
A40: 12 | B40: ФССЦ-101-4371 И1-Пр. Минрегион от 04.03.10 №94 | C40: Клей плиточный «Ceresit» CM11 (Приведение расценок ФЕР к территориальному уровню (Письмо УРЦЦС Ц-297 от 12.04.2011) ОЗП=1,41; ЭМ=1,242; ЗПМ=1,41; МАТ=1,052 (1-й уровень); При ремонте и реконструкции зданий и сооружений работы, аналогичные технологическим процессам в новом строительстве (п. 3.4 Указаний к ТЕРр) ОЗП=1,15; ЭМ=1,25 к расх.; ЗПМ=1,25; ТЗ=1,15; ТЗМ=1,25 (1-й уровень)) | D40: кг | E40: 5.535 | F40: 3.14 | J40: 17
A41: Итого прямые затраты по разделу в ценах 2001г. | J41: 1567 | K41: 247 | L41: 62 | M41: 11 | O41: 19.74 | Q41: 0.68
A42: Накладные расходы | J42: 286
A43: Сметная прибыль | J43: 164
A44: Итого по разделу 1 Полы | J44: 2017 | O44: 19.74 | Q44: 0.68
A45: Раздел 2. Ремонтные работы
A46: 13 | B46: ТЕР46-04-001-04 Постан.Правит.Свердл.обл. от 10.11.10 №1616-ПП | C46: Разборка существующей стенки ванны НР (25 руб.): 110%*0.9 от ФОТ (25 руб.) СП (15 руб.): 70%*0.85 от ФОТ (25 руб.) | D46: 1 м3 | E46: 0,2 2,44*0,12*0,7 | F46: 296.8 | G46: 102.84 | H46: 193.96 | I46: 17.96 | J46: 59 | K46: 21 | L46: 38 | M46: 4 | N46: 8.24 | O46: 1.65 | P46: 1.15 | Q46: 0.23
A47: 14 | B47: ТЕР08-02-001-07 Постан.Правит.Свердл.обл. от 10.11.10 №1616-ПП | C47: Кладка бортика из кирпича (При ремонте и реконструкции зданий и сооружений работы, аналогичные технологическим процессам в новом строительстве (п. 3.4 Указаний к ТЕРр) ОЗП=1,15; ЭМ=1,25 к расх.; ЗПМ=1,25; ТЗ=1,15; ТЗМ=1,25) НР (7 руб.): 122%*0.9 от ФОТ (6 руб.) СП (4 руб.): 80%*0.85 от ФОТ (6 руб.) | D47: 1 м3 кладки | E47: 0,073 4,07*0,12*0,15 | F47: 750.45 | G47: 70.16 | H47: 127.98 | I47: 9.1 | J47: 55 | K47: 5 | L47: 9 | M47: 1 | N47: 5.9915 | O47: 0.44 | P47: 0.5 | Q47: 0.04
A48: 15 | B48: ТЕР46-02-007-01 Постан.Правит.Свердл.обл. от 10.11.10 №1616-ПП | C48: Заделка проемов в кирпичных стенах при объеме кладки в одном месте до 5 м3 НР (39 руб.): 110%*0.9 от ФОТ (39 руб.) СП (23 руб.): 70%*0.85 от ФОТ (39 руб.) | D48: 1 м3 | E48: 0,23 2,1*0,9*0,12 | F48: 729.34 | G48: 168.39 | H48: 2.31 | J48: 168 | K48: 39 | L48: 1 | N48: 14.63 | O48: 3.36
A49: 16 | B49: ТЕРр57-15-1 Постан.Правит.Свердл.обл. от 10.11.10 №1616-ПП | C49: Смена керамических коврово-мозаичных плиток в полах до 10 шт. НР (5 руб.): 80% от ФОТ (6 руб.) СП (4 руб.): 68% от ФОТ (6 руб.) | D49: 100 плиток | E49: 0,04 4 / 100 | F49: 162.17 | G49: 147.72 | H49: 7.47 | I49: 0.78 | J49: 6 | K49: 6 | N49: 12.3 | O49: 0.49 | P49: 0.05
A50: Итого прямые затраты по разделу в ценах 2001г. | J50: 288 | K50: 71 | L50: 48 | M50: 5 | O50: 5.94 | Q50: 0.27
A51: Накладные расходы | J51: 75
A52: Сметная прибыль | J52: 46
A53: Итого по разделу 2 Ремонтные работы | J53: 409 | O53: 5.94 | Q53: 0.27
A54: Раздел 3. Отделочные работы
A55: 17 | B55: ТЕР15-02-019-03 Постан.Правит.Свердл.обл. от 10.11.10 №1616-ПП | C55: Сплошное выравнивание внутренних поверхностей (однослойное оштукатуривание)из сухих растворных смесей толщиной до 10 мм стен (При ремонте и реконструкции зданий и сооружений работы, аналогичные технологическим процессам в новом строительстве (п. 3.4 Указаний к ТЕРр) ОЗП=1,15; ЭМ=1,25 к расх.; ЗПМ=1,25; ТЗ=1,15; ТЗМ=1,25) НР (28 руб.): 105%*0.9 от ФОТ (30 руб.) СП (14 руб.): 55%*0.85 от ФОТ (30 руб.) | D55: 100 м2 оштукатуриваемой поверхности | E55: 0,0376 3,76 / 100 | F55: 3379 | G55: 772.18 | H55: 52.65 | I55: 32.19 | J55: 127 | K55: 29 | L55: 2 | M55: 1 | N55: 59.6735 | O55: 2.24 | P55: 2.3375 | Q55: 0.09
A56: 18 | B56: ТЕР15-04-025-08 Постан.Правит.Свердл.обл. от 10.11.10 №1616-ПП | C56: Улучшенная окраска масляными составами по штукатурке стен (При ремонте и реконструкции зданий и сооружений работы, аналогичные технологическим процессам в новом строительстве (п. 3.4 Указаний к ТЕРр) ОЗП=1,15; ЭМ=1,25 к расх.; ЗПМ=1,25; ТЗ=1,15; ТЗМ=1,25) НР (26 руб.): 105%*0.9 от ФОТ (28 руб.) СП (13 руб.): 55%*0.85 от ФОТ (28 руб.) | D56: 100 м2 окрашиваемой поверхности | E56: 0,0376 3,76 / 100 | F56: 2488.51 | G56: 749.7 | H56: 15.51 | I56: 0.2 | J56: 94 | K56: 28 | L56: 1 | N56: 58.6615 | O56: 2.21 | P56: 0.0125
A57: 19 | B57: ТЕР15-01-019-05 Постан.Правит.Свердл.обл. от 10.11.10 №1616-ПП | C57: Гладкая облицовка простенков ванны керамической плиткой на клее из сухих смесей по кирпичу и бетону (При ремонте и реконструкции зданий и сооружений работы, аналогичные технологическим процессам в новом строительстве (п. 3.4 Указаний к ТЕРр) ОЗП=1,15; ЭМ=1,25 к расх.; ЗПМ=1,25; ТЗ=1,15; ТЗМ=1,25) НР (7 руб.): 105%*0.9 от ФОТ (7 руб.) СП (3 руб.): 55%*0.85 от ФОТ (7 руб.) | D57: 100 м2 поверхности облицовки | E57: 0,0028 0,28 / 100 | F57: 12175.61 | G57: 2376.05 | H57: 53.01 | I57: 28.85 | J57: 34 | K57: 7 | N57: 183.6205 | O57: 0.51 | P57: 2.0625 | Q57: 0.01
A58: 20 | B58: ТЕР15-01-019-05 Постан.Правит.Свердл.обл. от 10.11.10 №1616-ПП | C58: Гладкая облицовка нового бортика ванны керамической плиткой на клее из сухих смесей по кирпичу и бетону (При ремонте и реконструкции зданий и сооружений работы, аналогичные технологическим процессам в новом строительстве (п. 3.4 Указаний к ТЕРр) ОЗП=1,15; ЭМ=1,25 к расх.; ЗПМ=1,25; ТЗ=1,15; ТЗМ=1,25) НР (24 руб.): 105%*0.9 от ФОТ (25 руб.) СП (12 руб.): 55%*0.85 от ФОТ (25 руб.) | D58: 100 м2 поверхности облицовки | E58: 0,0105 1,05 / 100 | F58: 12175.61 | G58: 2376.05 | H58: 53.01 | I58: 28.85 | J58: 128 | K58: 25 | L58: 1 | N58: 183.6205 | O58: 1.93 | P58: 2.0625 | Q58: 0.02
A59: Итого прямые затраты по разделу в ценах 2001г. | J59: 383 | K59: 89 | L59: 4 | M59: 1 | O59: 6.89 | Q59: 0.12
A60: Накладные расходы | J60: 85
A61: Сметная прибыль | J61: 42
A62: Итого по разделу 3 Отделочные работы | J62: 510 | O62: 6.89 | Q62: 0.12
A63: ИТОГИ ПО СМЕТЕ:
A64: Итого прямые затраты по смете в ценах 2001г. | J64: 2238 | K64: 407 | L64: 114 | M64: 17 | O64: 32.57 | Q64: 1.07
A65: Накладные расходы | J65: 446
A66: Сметная прибыль | J66: 252
A67: Итоги по смете:
A68: Полы | J68: 1697 | O68: 19.74 | Q68: 0.68
A69: Материалы для строительных работ | J69: 320
A70: Работы по реконструкции зданий и сооружений (усиление и замена существующих конструкций, разборка и возведение отдельных конструктивных элементов) | J70: 328 | O70: 5.01 | Q70: 0.23
A71: Конструкции из кирпича и блоков | J71: 66 | O71: 0.44 | Q71: 0.04
A72: Полы (ремонтно-строительные) | J72: 15 | O72: 0.49
A73: Отделочные работы | J73: 510 | O73: 6.89 | Q73: 0.12
A74: Итого | J74: 2936 | O74: 32.57 | Q74: 1.07
A75: В том числе:
A76: Материалы | J76: 1717
A77: Машины и механизмы | J77: 114
A78: ФОТ | J78: 424
A79: Накладные расходы | J79: 446
A80: Сметная прибыль | J80: 252
A81: ВСЕГО по смете | J81: 2936 | O81: 32.57 | Q81: 1.07
A85: Составил: ____________________________
A86: (должность, подпись, расшифровка)
A88: Проверил: ___________________________
A89: (должность, подпись, расшифровка)

Sheet 12-027-ТХ
A1: СОГЛАСОВАНО: | M1: УТВЕРЖДАЮ:
A4: _________________ | M4: _________________
A5: " _____ " ________________ 2013 г. | M5: "____" ______________2013 г.
H6: ФГУП "Комбинат Электрохимприбор", г.Лесной Свердловской области
H7: (наименование стройки)
H9: ЛОКАЛЬНЫЙ СМЕТНЫЙ РАСЧЕТ № 12-027-ТХ.СМ
H10: (локальная смета)
D12: Технологическая часть к проекту: Модернизация системы технологической водоподготовки бассейна профилактория комбината
H13: (наименование работ и затрат, наименование объекта)
D15: Основание: 12-027-ТХ
D16: Сметная стоимость _______________________________________________________________________________________________ | J16: ___________________________353,188 | L16: тыс. руб.
D17: строительных работ _______________________________________________________________________________________________ | J17: _______________________________________________________________________________________________63,925 | L17: тыс. руб.
D18: монтажных работ _______________________________________________________________________________________________ | J18: _______________________________________________________________________________________________192,159 | L18: тыс. руб.
D19: оборудования _______________________________________________________________________________________________ | J19: _______________________________________________________________________________________________97,104 | L19: тыс. руб.
D20: Средства на оплату труда _______________________________________________________________________________________________ | J20: ___________________________14,743 | L20: тыс. руб.
D21: Сметная трудоемкость _______________________________________________________________________________________________ | J21: _______________________________________________________________________________________________1086,5 | L21: чел.час
D22: Составлен(а) в текущих (прогнозных) ценах по состоянию на 2001г.
A25: № пп | B25: Обосно- вание | C25: Наименование | D25: Ед. изм. | E25: Кол. | F25: Стоимость единицы, руб. | J25: Общая стоимость, руб. | N25: Т/з осн. раб.на ед. | O25: Т/з осн. раб. Всего | P25: Т/з мех. на ед. | Q25: Т/з мех. Всего
F26: Всего | G26: В том числе | J26: Всего | K26: В том числе
G27: Осн.З/п | H27: Эк.Маш | I27: З/пМех | K27: Осн.З/п | L27: Эк.Маш | M27: З/пМех
A28: 1 | B28: 2 | C28: 3 | D28: 4 | E28: 5 | F28: 6 | G28: 7 | H28: 8 | I28: 9 | J28: 10 | K28: 11 | L28: 12 | M28: 13 | N28: 14 | O28: 15 | P28: 16 | Q28: 17
A29: Раздел 1. Помещение насосно-фильтровальной станции
A30: 1 | B30: ТЕР18-05-001-01 Постан.Правит.Свердл.обл. от 10.11.10 №1616-ПП | C30: Установка насосов центробежных с электродвигателем, масса агрегата до 0,1 т 334,13 = 2 969,90 - 1 x 2 635,77 (При ремонте и реконструкции зданий и сооружений работы, аналогичные технологическим процессам в новом строительстве (п. 3.4 Указаний к ТЕРр) ОЗП=1,15; ЭМ=1,25 к расх.; ЗПМ=1,25; ТЗ=1,15; ТЗМ=1,25) НР (494 руб.): 128%*0.9 от ФОТ (429 руб.) СП (303 руб.): 83%*0.85 от ФОТ (429 руб.) | D30: 1 насос | E30: 2 | F30: 365.53 | G30: 213.31 | H30: 17.89 | I30: 1.14 | J30: 731 | K30: 427 | L30: 36 | M30: 2 | N30: 16.2955 | O30: 32.59 | P30: 0.0625 | Q30: 0.13
A31: 2 | B31: Материалы | C31: Насос балансного бака (1рабочий, 1 резервный) Q=18м3/ч, Н=28,0м, 2,2кВт СР220С (Указания по применению ТЕР, п.2.7. Заготовительно-складские расходы на материалы по прайс-листам МАТ=2%) | D31: шт | E31: 2 | F31: 3306,94 21156,00/1,18/ИндексСМР | J31: 6614
A32: 3 | B32: ТЕР18-06-007-06 Постан.Правит.Свердл.обл. от 10.11.10 №1616-ПП | C32: Установка фильтров диаметром 80 мм 369,49 = 11 408,69 - 10 x 1 103,92 (При ремонте и реконструкции зданий и сооружений работы, аналогичные технологическим процессам в новом строительстве (п. 3.4 Указаний к ТЕРр) ОЗП=1,15; ЭМ=1,25 к расх.; ЗПМ=1,25; ТЗ=1,15; ТЗМ=1,25) НР (53 руб.): 128%*0.9 от ФОТ (46 руб.) СП (32 руб.): 83%*0.85 от ФОТ (46 руб.) | D32: 10 фильтров | E32: 0,2 2 / 10 | F32: 436.89 | G32: 226.4 | H32: 189.34 | I32: 5 | J32: 87 | K32: 45 | L32: 38 | M32: 1 | N32: 17.296 | O32: 3.46 | P32: 0.275 | Q32: 0.06
A33: 4 | B33: Материалы | C33: Чугунный префильтр XPFH-001, 80/80 (Указания по применению ТЕР, п.2.7. Заготовительно-складские расходы на материалы по прайс-листам МАТ=2%) | D33: шт | E33: 2 | F33: 5001,99 32000,00/1,18/ИндексСМР | J33: 10004
A34: 5 | B34: ТЕР18-06-007-07 Постан.Правит.Свердл.обл. от 10.11.10 №1616-ПП | C34: Установка фильтров диаметром 100 мм 451,75 = 13 379,35 - 10 x 1 292,76 (При ремонте и реконструкции зданий и сооружений работы, аналогичные технологическим процессам в новом строительстве (п. 3.4 Указаний к ТЕРр) ОЗП=1,15; ЭМ=1,25 к расх.; ЗПМ=1,25; ТЗ=1,15; ТЗМ=1,25) НР (65 руб.): 128%*0.9 от ФОТ (56 руб.) СП (40 руб.): 83%*0.85 от ФОТ (56 руб.) | D34: 10 фильтров | E34: 0,2 2 / 10 | F34: 533.64 | G34: 267.5 | H34: 234.98 | I34: 7.51 | J34: 107 | K34: 54 | L34: 47 | M34: 2 | N34: 20.4355 | O34: 4.09 | P34: 0.4125 | Q34: 0.08
A35: 6 | B35: Материалы | C35: Чугунный префильтр XPFH-003, 100/100 (Указания по применению ТЕР, п.2.7. Заготовительно-складские расходы на материалы по прайс-листам МАТ=2%) | D35: шт | E35: 2 | F35: 5627,24 36000,00/1,18/ИндексСМР | J35: 11254
A36: 7 | B36: ТЕР18-05-001-01 Постан.Правит.Свердл.обл. от 10.11.10 №1616-ПП | C36: Установка насосов центробежных с электродвигателем, масса агрегата до 0,1 т 334,13 = 2 969,90 - 1 x 2 635,77 (При ремонте и реконструкции зданий и сооружений работы, аналогичные технологическим процессам в новом строительстве (п. 3.4 Указаний к ТЕРр) ОЗП=1,15; ЭМ=1,25 к расх.; ЗПМ=1,25; ТЗ=1,15; ТЗМ=1,25) НР (988 руб.): 128%*0.9 от ФОТ (858 руб.) СП (605 руб.): 83%*0.85 от ФОТ (858 руб.) | D36: 1 насос | E36: 4 1+1+1+1 | F36: 365.53 | G36: 213.31 | H36: 17.89 | I36: 1.14 | J36: 1462 | K36: 853 | L36: 72 | M36: 5 | N36: 16.2955 | O36: 65.18 | P36: 0.0625 | Q36: 0.25
A37: 8 | B37: Материалы | C37: Насос-дозатор хлор-реагента в линию подпитки (с кабелем внешнего управления) BT4b1000NPB900UA01000 (Указания по применению ТЕР, п.2.7. Заготовительно-складские расходы на материалы по прайс-листам МАТ=2%) | D37: шт | E37: 1 | F37: 8779,28 (51050+4950+165)/1,18/ИндексСМР | J37: 8779
A38: 9 | B38: Материалы | C38: Насос-дозатор хлор-реагента Q=0,5л/ч, Н=20м, 0,017кВт в комплекте ВТ4А1000РVT200AA010D00 Beta/4aCANopen (Указания по применению ТЕР, п.2.7. Заготовительно-складские расходы на материалы по прайс-листам МАТ=2%) | D38: шт | E38: 1 | F38: 9376,39 (54870+4950+165)/1,18/ИндексСМР | J38: 9376
A39: 10 | B39: Материалы | C39: Насос-дозатор кислоты Q=0,5л/ч, Н=20м, 0,017кВт в комплекте ВТ4А1000РРЕ200AA010D00 Beta/4aCANopen (Указания по применению ТЕР, п.2.7. Заготовительно-складские расходы на материалы по прайс-листам МАТ=2%) | D39: шт | E39: 1 | F39: 8408,03 (48675+4950+165)/1,18/ИндексСМР | J39: 8408
A40: 11 | B40: Материалы | C40: Насос-дозатор коагулянта Q=0,3л/ч, Н=20м, 0,017кВт в комплекте ВТ4А1000РРЕ200AA010D00 (Указания по применению ТЕР, п.2.7. Заготовительно-складские расходы на материалы по прайс-листам МАТ=2%) | D40: шт | E40: 1 | F40: 8408,03 (48675+4950+165)/1,18/ИндексСМР | J40: 8408
A41: 12 | B41: ТЕР18-04-001-01 Постан.Правит.Свердл.обл. от 10.11.10 №1616-ПП | C41: Установка баков расширительных круглых и прямоугольных вместимостью 0,1 м3 83,20 = 472,37 - 1 x 389,17 (При ремонте и реконструкции зданий и сооружений работы, аналогичные технологическим процессам в новом строительстве (п. 3.4 Указаний к ТЕРр) ОЗП=1,15; ЭМ=1,25 к расх.; ЗПМ=1,25; ТЗ=1,15; ТЗМ=1,25) НР (68 руб.): 128%*0.9 от ФОТ (59 руб.) СП (42 руб.): 83%*0.85 от ФОТ (59 руб.) | D41: 1 бак | E41: 1 | F41: 97.64 | G41: 57.83 | H41: 34.5 | I41: 1.14 | J41: 98 | K41: 58 | L41: 35 | M41: 1 | N41: 4.6345 | O41: 4.63 | P41: 0.0625 | Q41: 0.06
A42: 13 | B42: Материалы | C42: Расходный бак насоса-дозатора коагулянта ДК60КЗ (Указания по применению ТЕР, п.2.7. Заготовительно-складские расходы на материалы по прайс-листам МАТ=2%) | D42: шт | E42: 1 | F42: 484,57 3100,00/1,18/ИндексСМР | J42: 485
A43: 14 | B43: ТЕРм06-03-001-01 Постан.Правит.Свердл.обл. от 10.11.10 №1616-ПП | C43: Монтаж фильтра НР (4167 руб.): 80% от ФОТ (5209 руб.) СП (3125 руб.): 60% от ФОТ (5209 руб.) | D43: 1 т | E43: 0,9442 472,1*2/1000 | F43: 10826.62 | G43: 5342.04 | H43: 2313.21 | I43: 175.27 | J43: 10222 | K43: 5044 | L43: 2184 | M43: 165 | N43: 418 | O43: 394.68 | P43: 9.63 | Q43: 9.09
A44: 15 | B44: Оборудование | C44: Фильтр в комплекте VFT-1865CM (Транспортные расходы - согласно п.4.60 из МДС 81-35.2004 ПЗ=3% (ОЗП=3%; ЭМ=3%; МАТ=3%); Заготовительно-складские расходы - согласно п.4.64 из МДС 81-35.2004 ПЗ=1,2% (ОЗП=1,2%; ЭМ=1,2%; МАТ=1,2%)) | D44: шт. | E44: 2 | F44: 14376,5 90000,00/1,18/ИндексСМР | J44: 28753
A45: 16 | B45: ТЕР18-06-007-03 Постан.Правит.Свердл.обл. от 10.11.10 №1616-ПП | C45: Установка фильтров диаметром 40 мм 229,37 = 7 640,77 - 10 x 741,14 (При ремонте и реконструкции зданий и сооружений работы, аналогичные технологическим процессам в новом строительстве (п. 3.4 Указаний к ТЕРр) ОЗП=1,15; ЭМ=1,25 к расх.; ЗПМ=1,25; ТЗ=1,15; ТЗМ=1,25) НР (17 руб.): 128%*0.9 от ФОТ (15 руб.) СП (11 руб.): 83%*0.85 от ФОТ (15 руб.) | D45: 10 фильтров | E45: 0,1 1 / 10 | F45: 271.22 | G45: 149.33 | H45: 111.88 | I45: 0.69 | J45: 27 | K45: 15 | L45: 11 | N45: 11.408 | O45: 1.14 | P45: 0.0375
A46: 17 | B46: Материалы | C46: Фильтр сетчатый V823-040 (Указания по применению ТЕР, п.2.7. Заготовительно-складские расходы на материалы по прайс-листам МАТ=2%) | D46: шт | E46: 1 | F46: 312,62 2000,00/1,18/ИндексСМР | J46: 313
A47: 18 | B47: ТЕРм06-03-001-01 Постан.Правит.Свердл.обл. от 10.11.10 №1616-ПП | C47: Монтаж фильтра НР (64 руб.): 80% от ФОТ (80 руб.) СП (48 руб.): 60% от ФОТ (80 руб.) | D47: 1 т | E47: 0,0144 14,4/1000 | F47: 10826.62 | G47: 5342.04 | H47: 2313.21 | I47: 175.27 | J47: 156 | K47: 77 | L47: 33 | M47: 3 | N47: 418 | O47: 6.02 | P47: 9.63 | Q47: 0.14
A48: 19 | B48: Оборудование | C48: Фильтр тонкой очистки МВН-4-0104 (Транспортные расходы - согласно п.4.60 из МДС 81-35.2004 ПЗ=3% (ОЗП=3%; ЭМ=3%; МАТ=3%); Заготовительно-складские расходы - согласно п.4.64 из МДС 81-35.2004 ПЗ=1,2% (ОЗП=1,2%; ЭМ=1,2%; МАТ=1,2%)) | D48: шт. | E48: 1 | F48: 6389,55 40000,00/1,18/ИндексСМР | J48: 6390
A49: 20 | B49: ТЕР18-04-003-01 Постан.Правит.Свердл.обл. от 10.11.10 №1616-ПП | C49: Установка поддонов для баков 28,19 = 893,42 - 1 x 865,23 (При ремонте и реконструкции зданий и сооружений работы, аналогичные технологическим процессам в новом строительстве (п. 3.4 Указаний к ТЕРр) ОЗП=1,15; ЭМ=1,25 к расх.; ЗПМ=1,25; ТЗ=1,15; ТЗМ=1,25) НР (47 руб.): 128%*0.9 от ФОТ (41 руб.) СП (29 руб.): 83%*0.85 от ФОТ (41 руб.) | D49: 1 поддон | E49: 2 | F49: 33.44 | G49: 20.69 | H49: 12.75 | I49: 0.23 | J49: 67 | K49: 41 | L49: 26 | N49: 1.679 | O49: 3.36 | P49: 0.0125 | Q49: 0.03
A50: 21 | B50: Материалы | C50: Нейтрализационный поддон под расходный бак 120_1ЕК (Указания по применению ТЕР, п.2.7. Заготовительно-складские расходы на материалы по прайс-листам МАТ=2%) | D50: шт | E50: 2 | F50: 648,7 4150,00/1,18/ИндексСМР | J50: 1297
A51: 22 | B51: ТЕР18-04-001-01 Постан.Правит.Свердл.обл. от 10.11.10 №1616-ПП | C51: Установка баков расширительных круглых и прямоугольных вместимостью 0,1 м3 83,20 = 472,37 - 1 x 389,17 (При ремонте и реконструкции зданий и сооружений работы, аналогичные технологическим процессам в новом строительстве (п. 3.4 Указаний к ТЕРр) ОЗП=1,15; ЭМ=1,25 к расх.; ЗПМ=1,25; ТЗ=1,15; ТЗМ=1,25) НР (136 руб.): 128%*0.9 от ФОТ (118 руб.) СП (83 руб.): 83%*0.85 от ФОТ (118 руб.) | D51: 1 бак | E51: 2 | F51: 97.64 | G51: 57.83 | H51: 34.5 | I51: 1.14 | J51: 195 | K51: 116 | L51: 69 | M51: 2 | N51: 4.6345 | O51: 9.27 | P51: 0.0625 | Q51: 0.13
A52: 23 | B52: Материалы | C52: Бак для приготовления и хранения нейтрализующего раствора ДК60КЗ (Указания по применению ТЕР, п.2.7. Заготовительно-складские расходы на материалы по прайс-листам МАТ=2%) | D52: шт | E52: 2 | F52: 484,57 3100,00/1,18/ИндексСМР | J52: 969
A53: 24 | B53: ТЕР18-05-001-01 Постан.Правит.Свердл.обл. от 10.11.10 №1616-ПП | C53: Установка насосов центробежных с электродвигателем, масса агрегата до 0,1 т 334,13 = 2 969,90 - 1 x 2 635,77 (При ремонте и реконструкции зданий и сооружений работы, аналогичные технологическим процессам в новом строительстве (п. 3.4 Указаний к ТЕРр) ОЗП=1,15; ЭМ=1,25 к расх.; ЗПМ=1,25; ТЗ=1,15; ТЗМ=1,25) НР (494 руб.): 128%*0.9 от ФОТ (429 руб.) СП (303 руб.): 83%*0.85 от ФОТ (429 руб.) | D53: 1 насос | E53: 2 | F53: 365.53 | G53: 213.31 | H53: 17.89 | I53: 1.14 | J53: 731 | K53: 427 | L53: 36 | M53: 2 | N53: 16.2955 | O53: 32.59 | P53: 0.0625 | Q53: 0.13
A54: 25 | B54: Материалы | C54: Бочковый насос подачи нейтрализующего раствора JP-150 PP (HC)1000 (Указания по применению ТЕР, п.2.7. Заготовительно-складские расходы на материалы по прайс-листам МАТ=2%) | D54: шт | E54: 2 | F54: 5627,24 36000,00/1,18/ИндексСМР | J54: 11254
A55: 26 | B55: ТЕРм11-04-002-01 Постан.Правит.Свердл.обл. от 10.11.10 №1616-ПП | C55: Монтаж перемешивающего устройства НР (23 руб.): 92% от ФОТ (25 руб.) СП (16 руб.): 65% от ФОТ (25 руб.) | D55: 1 шт. | E55: 2 | F55: 30.09 | G55: 12.37 | H55: 17.47 | J55: 60 | K55: 25 | L55: 35 | N55: 1.03 | O55: 2.06
A56: 27 | B56: Материалы | C56: Перемешивающее устройство Order no.818576 (Указания по применению ТЕР, п.2.7. Заготовительно-складские расходы на материалы по прайс-листам МАТ=2%) | D56: шт | E56: 2 | F56: 6440,07 41200,00/1,18/ИндексСМР | J56: 12880
A57: 28 | B57: ТЕР16-05-001-02 Постан.Правит.Свердл.обл. от 10.11.10 №1616-ПП | C57: Установка клапанов диаметром до 50 мм (При ремонте и реконструкции зданий и сооружений работы, аналогичные технологическим процессам в новом строительстве (п. 3.4 Указаний к ТЕРр) ОЗП=1,15; ЭМ=1,25 к расх.; ЗПМ=1,25; ТЗ=1,15; ТЗМ=1,25) НР (50 руб.): 128%*0.9 от ФОТ (43 руб.) СП (30 руб.): 83%*0.85 от ФОТ (43 руб.) | D57: 1 шт. | E57: 2 | F57: 142.73 | G57: 21.61 | H57: 6.65 | J57: 285 | K57: 43 | L57: 13 | N57: 1.6905 | O57: 3.38
A58: 29 | B58: Материалы | C58: Доаэрационный клапан песчаного фильтра ARI SEGEV S-050 (Указания по применению ТЕР, п.2.7. Заготовительно-складские расходы на материалы по прайс-листам МАТ=2%) | D58: шт | E58: 2 | F58: 547,1 3500,00/1,18/ИндексСМР | J58: 1094
A59: 30 | B59: ТЕР18-05-001-01 Постан.Правит.Свердл.обл. от 10.11.10 №1616-ПП | C59: Установка насосов центробежных с электродвигателем, масса агрегата до 0,1 т 334,13 = 2 969,90 - 1 x 2 635,77 (При ремонте и реконструкции зданий и сооружений работы, аналогичные технологическим процессам в новом строительстве (п. 3.4 Указаний к ТЕРр) ОЗП=1,15; ЭМ=1,25 к расх.; ЗПМ=1,25; ТЗ=1,15; ТЗМ=1,25) НР (494 руб.): 128%*0.9 от ФОТ (429 руб.) СП (303 руб.): 83%*0.85 от ФОТ (429 руб.) | D59: 1 насос | E59: 2 1+1 | F59: 365.53 | G59: 213.31 | H59: 17.89 | I59: 1.14 | J59: 731 | K59: 427 | L59: 36 | M59: 2 | N59: 16.2955 | O59: 32.59 | P59: 0.0625 | Q59: 0.13
A60: 31 | B60: Материалы | C60: Промывной насос К 80-65-160С (имеется на складе) (Указания по применению ТЕР, п.2.7. Заготовительно-складские расходы на материалы по прайс-листам МАТ=2%) | D60: шт | E60: 1
A61: 32 | B61: Материалы | C61: Дренажный насос ГНОМ 10-10М (имеется на складе) (Указания по применению ТЕР, п.2.7. Заготовительно-складские расходы на материалы по прайс-листам МАТ=2%) | D61: шт | E61: 1
A62: Для чаши бассейна
A63: 33 | B63: ТЕР16-05-001-02 Постан.Правит.Свердл.обл. от 10.11.10 №1616-ПП Применительно | C63: Монтаж форсунки диаметром 40 мм 25,67 = 138,58 - 0,0011 x 19 992,00 - 2 x 44,03 - 0,002 x 1 428,00 (При ремонте и реконструкции зданий и сооружений работы, аналогичные технологическим процессам в новом строительстве (п. 3.4 Указаний к ТЕРр) ОЗП=1,15; ЭМ=1,25 к расх.; ЗПМ=1,25; ТЗ=1,15; ТЗМ=1,25) НР (150 руб.): 128%*0.9 от ФОТ (130 руб.) СП (92 руб.): 83%*0.85 от ФОТ (130 руб.) | D63: 1 шт. | E63: 6 | F63: 29.82 | G63: 21.61 | H63: 6.65 | J63: 179 | K63: 130 | L63: 40 | N63: 1.6905 | O63: 10.14
A64: 34 | B64: Материалы | C64: Форсунка возврата (нерж.) 1 1/2" нар.р. (Указания по применению ТЕР, п.2.7. Заготовительно-складские расходы на материалы по прайс-листам МАТ=2%) | D64: шт | E64: 6 | F64: 239,78 1534,00/1,18/ИндексСМР | J64: 1439
A65: 35 | B65: Материалы | C65: Ложемент АС 05.34 (Указания по применению ТЕР, п.2.7. Заготовительно-складские расходы на материалы по прайс-листам МАТ=2%) | D65: шт | E65: 56 | F65: 5,16 33,00/1,18/ИндексСМР | J65: 289
A66: 36 | B66: ТЕР20-02-002-01 Постан.Правит.Свердл.обл. от 10.11.10 №1616-ПП | C66: Установка решеток переливных (При ремонте и реконструкции зданий и сооружений работы, аналогичные технологическим процессам в новом строительстве (п. 3.4 Указаний к ТЕРр) ОЗП=1,15; ЭМ=1,25 к расх.; ЗПМ=1,25; ТЗ=1,15; ТЗМ=1,25) НР (170 руб.): 128%*0.9 от ФОТ (148 руб.) СП (104 руб.): 83%*0.85 от ФОТ (148 руб.) | D66: 1 решетка | E66: 7 | F66: 28.17 | G66: 21.21 | H66: 3.68 | J66: 197 | K66: 148 | L66: 26 | N66: 1.679 | O66: 11.75
A67: 37 | B67: Материалы | C67: Переливная решетка L=1,23м АС 02.320/L (Указания по применению ТЕР, п.2.7. Заготовительно-складские расходы на материалы по прайс-листам МАТ=2%) | D67: шт | E67: 7 | F67: 239,78 1534,00/1,18/ИндексСМР | J67: 1678
A68: Итого прямые затраты по разделу в ценах 2001г. | J68: 145019 | K68: 7930 | L68: 2737 | M68: 185 | O68: 616.93 | Q68: 10.23
A69: Накладные расходы | J69: 7481
A70: Сметная прибыль | J70: 5165
A71: Итого по разделу 1 Помещение насосно-фильтровальной станции | J71: 157665 | O71: 616.93 | Q71: 10.23
A72: Раздел 2. Трубопроводы система В12
A73: 38.1 | B73: ТЕР16-02-005-02 Постан.Правит.Свердл.обл. от 10.11.10 №1616-ПП | C73: Прокладка трубопроводов отопления и водоснабжения из стальных электросварных труб диаметром 50 мм (При ремонте и реконструкции зданий и сооружений работы, аналогичные технологическим процессам в новом строительстве (п. 3.4 Указаний к ТЕРр) ОЗП=1,15; ЭМ=1,25 к расх.; ЗПМ=1,25; ТЗ=1,15; ТЗМ=1,25) НР (16 руб.): 128%*0.9 от ФОТ (14 руб.) СП (10 руб.): 83%*0.85 от ФОТ (14 руб.) | D73: 100 м трубопровода | E73: 0,015 1,5 / 100 | F73: 7404.6 | G73: 962.57 | H73: 196.85 | I73: 4.33 | J73: 111 | K73: 14 | L73: 3 | N73: 69.9545 | O73: 1.05 | P73: 0.2375
A74: 40.1 | B74: ТЕР16-02-005-05 Постан.Правит.Свердл.обл. от 10.11.10 №1616-ПП | C74: Прокладка трубопроводов отопления и водоснабжения из стальных электросварных труб диаметром 100 мм (При ремонте и реконструкции зданий и сооружений работы, аналогичные технологическим процессам в новом строительстве (п. 3.4 Указаний к ТЕРр) ОЗП=1,15; ЭМ=1,25 к расх.; ЗПМ=1,25; ТЗ=1,15; ТЗМ=1,25) НР (541 руб.): 128%*0.9 от ФОТ (470 руб.) СП (332 руб.): 83%*0.85 от ФОТ (470 руб.) | D74: 100 м трубопровода | E74: 0,37 37/100 | F74: 12335.69 | G74: 1261.96 | H74: 347.5 | I74: 8.41 | J74: 4564 | K74: 467 | L74: 129 | M74: 3 | N74: 91.7125 | O74: 33.93 | P74: 0.4625 | Q74: 0.17
A75: 45 | B75: ТСЦ-302-1836 Постан.Правит.Свердл.обл. от 10.11.10 №1616-ПП | C75: Кран шаровой муфтовый 11Б27П1, диаметром 50 мм | D75: шт. | E75: 1 | F75: 237.74 | J75: 238
A76: 46 | B76: ТЕР16-05-001-03 Постан.Правит.Свердл.обл. от 10.11.10 №1616-ПП | C76: Установка задвижек диаметром до 100 мм (+2 фланца) (При ремонте и реконструкции зданий и сооружений работы, аналогичные технологическим процессам в новом строительстве (п. 3.4 Указаний к ТЕРр) ОЗП=1,15; ЭМ=1,25 к расх.; ЗПМ=1,25; ТЗ=1,15; ТЗМ=1,25) НР (50 руб.): 128%*0.9 от ФОТ (43 руб.) СП (30 руб.): 83%*0.85 от ФОТ (43 руб.) | D76: 1 шт. | E76: 1 | F76: 286.89 | G76: 42.77 | H76: 14.59 | I76: 0.45 | J76: 287 | K76: 43 | L76: 15 | N76: 3.3465 | O76: 3.35 | P76: 0.025 | Q76: 0.03
A77: 47 | B77: Материалы | C77: Задвижка с обрезиненным клином с маховиком Ру16 ф 100 VAG EKOplus (Указания по применению ТЕР, п.2.7. Заготовительно-складские расходы на материалы по прайс-листам МАТ=2%) | D77: шт. | E77: 1 | F77: 1857,46 11883,00/1,18/ИндексСМР | J77: 1857
A78: 49 | B78: ТСЦ-201-8059 Постан.Правит.Свердл.обл. от 10.11.10 №1616-ПП | C78: Опорные части, седла, кронштейны и хомуты | D78: т | E78: 0,0422 (2,02*11+20)/1000 | F78: 11187 | J78: 472
A79: 50 | B79: ТЕР16-07-005-01 Постан.Правит.Свердл.обл. от 10.11.10 №1616-ПП | C79: Гидравлическое испытание трубопроводов систем отопления, водопровода и горячего водоснабжения диаметром до 50 мм (При ремонте и реконструкции зданий и сооружений работы, аналогичные технологическим процессам в новом строительстве (п. 3.4 Указаний к ТЕРр) ОЗП=1,15; ЭМ=1,25 к расх.; ЗПМ=1,25; ТЗ=1,15; ТЗМ=1,25) НР (1 руб.): 128%*0.9 от ФОТ (1 руб.) СП (1 руб.): 83%*0.85 от ФОТ (1 руб.) | D79: 100 м трубопровода | E79: 0,015 1,5 / 100 | F79: 120.55 | G79: 94.48 | H79: 19.11 | J79: 2 | K79: 1 | N79: 5.7615 | O79: 0.09
A80: 51 | B80: ТЕР16-07-005-02 Постан.Правит.Свердл.обл. от 10.11.10 №1616-ПП | C80: Гидравлическое испытание трубопроводов систем отопления, водопровода и горячего водоснабжения диаметром до 100 мм (При ремонте и реконструкции зданий и сооружений работы, аналогичные технологическим процессам в новом строительстве (п. 3.4 Указаний к ТЕРр) ОЗП=1,15; ЭМ=1,25 к расх.; ЗПМ=1,25; ТЗ=1,15; ТЗМ=1,25) НР (41 руб.): 128%*0.9 от ФОТ (36 руб.) СП (25 руб.): 83%*0.85 от ФОТ (36 руб.) | D80: 100 м трубопровода | E80: 0,385 38,5 / 100 | F80: 134.21 | G80: 94.48 | H80: 19.11 | J80: 52 | K80: 36 | L80: 7 | N80: 5.7615 | O80: 2.22
A81: 52 | B81: ТЕР13-03-004-26 Постан.Правит.Свердл.обл. от 10.11.10 №1616-ПП | C81: Окраска металлических поверхностей эмалью ПФ-115 (ПЗ=2 (ОЗП=2; ЭМ=2 к расх.; ЗПМ=2; МАТ=2 к расх.; ТЗ=2; ТЗМ=2) (1-й уровень); При ремонте и реконструкции зданий и сооружений работы, аналогичные технологическим процессам в новом строительстве (п. 3.4 Указаний к ТЕРр) ОЗП=1,15; ЭМ=1,25 к расх.; ЗПМ=1,25; ТЗ=1,15; ТЗМ=1,25 (1-й уровень)) НР (13 руб.): 90%*0.9 от ФОТ (16 руб.) СП (10 руб.): 70%*0.85 от ФОТ (16 руб.) | D81: 100 м2 окрашиваемой поверхности | E81: 0,148 14,8 / 100 | F81: 1270.83 | G81: 105.24 | H81: 15.03 | I81: 0.36 | J81: 188 | K81: 16 | L81: 2 | N81: 8.2345 | O81: 1.22 | P81: 0.0225
A82: Итого прямые затраты по разделу в ценах 2001г. | J82: 7771 | K82: 577 | L82: 156 | M82: 3 | O82: 41.86 | Q82: 0.2
A83: Накладные расходы | J83: 663
A84: Сметная прибыль | J84: 408
A85: Итого по разделу 2 Трубопроводы система В12 | J85: 8842 | O85: 41.86 | Q85: 0.2
A86: Раздел 3. Трубопроводы система В12.1
A87: 53.1 | B87: ТЕР16-02-002-01 Постан.Правит.Свердл.обл. от 10.11.10 №1616-ПП | C87: Прокладка трубопроводов водоснабжения из стальных водогазопроводных оцинкованных труб диаметром 15 мм (При ремонте и реконструкции зданий и сооружений работы, аналогичные технологическим процессам в новом строительстве (п. 3.4 Указаний к ТЕРр) ОЗП=1,15; ЭМ=1,25 к расх.; ЗПМ=1,25; ТЗ=1,15; ТЗМ=1,25) НР (1 руб.): 128%*0.9 от ФОТ (1 руб.) СП (1 руб.): 83%*0.85 от ФОТ (1 руб.) | D87: 100 м трубопровода | E87: 0,002 0,2 / 100 | F87: 5115.41 | G87: 577.65 | H87: 98.95 | I87: 3.41 | J87: 10 | K87: 1 | N87: 42.6305 | O87: 0.09 | P87: 0.1875
A88: 55.1 | B88: ТЕР16-02-005-03 Постан.Правит.Свердл.обл. от 10.11.10 №1616-ПП | C88: Прокладка трубопроводов отопления и водоснабжения из стальных электросварных труб диаметром 65 мм (При ремонте и реконструкции зданий и сооружений работы, аналогичные технологическим процессам в новом строительстве (п. 3.4 Указаний к ТЕРр) ОЗП=1,15; ЭМ=1,25 к расх.; ЗПМ=1,25; ТЗ=1,15; ТЗМ=1,25) НР (13 руб.): 128%*0.9 от ФОТ (11 руб.) СП (8 руб.): 83%*0.85 от ФОТ (11 руб.) | D88: 100 м трубопровода | E88: 0,01 1/100 | F88: 9421.52 | G88: 1141.86 | H88: 237.23 | I88: 5.24 | J88: 94 | K88: 11 | L88: 2 | N88: 82.984 | O88: 0.83 | P88: 0.2875
A89: 57.1 | B89: ТЕР16-02-005-04 Постан.Правит.Свердл.обл. от 10.11.10 №1616-ПП | C89: Прокладка трубопроводов отопления и водоснабжения из стальных электросварных труб диаметром 80 мм (При ремонте и реконструкции зданий и сооружений работы, аналогичные технологическим процессам в новом строительстве (п. 3.4 Указаний к ТЕРр) ОЗП=1,15; ЭМ=1,25 к расх.; ЗПМ=1,25; ТЗ=1,15; ТЗМ=1,25) НР (264 руб.): 128%*0.9 от ФОТ (229 руб.) СП (162 руб.): 83%*0.85 от ФОТ (229 руб.) | D89: 100 м трубопровода | E89: 0.18 | F89: 10990.33 | G89: 1261.96 | H89: 347.5 | I89: 8.41 | J89: 1978 | K89: 227 | L89: 63 | M89: 2 | N89: 91.7125 | O89: 16.51 | P89: 0.4625 | Q89: 0.08
A90: 63 | B90: ТЕР18-07-001-02 Постан.Правит.Свердл.обл. от 10.11.10 №1616-ПП | C90: Установка манометров с трехходовым краном (При ремонте и реконструкции зданий и сооружений работы, аналогичные технологическим процессам в новом строительстве (п. 3.4 Указаний к ТЕРр) ОЗП=1,15; ЭМ=1,25 к расх.; ЗПМ=1,25; ТЗ=1,15; ТЗМ=1,25) НР (5 руб.): 128%*0.9 от ФОТ (4 руб.) СП (3 руб.): 83%*0.85 от ФОТ (4 руб.) | D90: 1 компл. | E90: 1 | F90: 244.77 | G90: 3.53 | J90: 245 | K90: 4 | N90: 0.253 | O90: 0.25
A91: 64 | B91: ТЕР16-05-001-03 Постан.Правит.Свердл.обл. от 10.11.10 №1616-ПП | C91: Установка задвижек диаметром 80 мм (+16 фланцев) (При ремонте и реконструкции зданий и сооружений работы, аналогичные технологическим процессам в новом строительстве (п. 3.4 Указаний к ТЕРр) ОЗП=1,15; ЭМ=1,25 к расх.; ЗПМ=1,25; ТЗ=1,15; ТЗМ=1,25) НР (399 руб.): 128%*0.9 от ФОТ (346 руб.) СП (244 руб.): 83%*0.85 от ФОТ (346 руб.) | D91: 1 шт. | E91: 8 | F91: 286.89 | G91: 42.77 | H91: 14.59 | I91: 0.45 | J91: 2295 | K91: 342 | L91: 117 | M91: 4 | N91: 3.3465 | O91: 26.77 | P91: 0.025 | Q91: 0.2
A92: 65 | B92: Материалы | C92: Задвижка с обрезиненным клином с маховиком Ру16 ф 80 VAG EKOplus (Указания по применению ТЕР, п.2.7. Заготовительно-складские расходы на материалы по прайс-листам МАТ=2%) | D92: шт. | E92: 8 | F92: 1609,55 10297,00/1,18/ИндексСМР | J92: 12876
A93: 66 | B93: ТЕР16-05-001-03 Постан.Правит.Свердл.обл. от 10.11.10 №1616-ПП | C93: Установка клапанов обратных диаметром 80 мм (+4 фланца) (При ремонте и реконструкции зданий и сооружений работы, аналогичные технологическим процессам в новом строительстве (п. 3.4 Указаний к ТЕРр) ОЗП=1,15; ЭМ=1,25 к расх.; ЗПМ=1,25; ТЗ=1,15; ТЗМ=1,25) НР (100 руб.): 128%*0.9 от ФОТ (87 руб.) СП (61 руб.): 83%*0.85 от ФОТ (87 руб.) | D93: 1 шт. | E93: 2 | F93: 286.89 | G93: 42.77 | H93: 14.59 | I93: 0.45 | J93: 574 | K93: 86 | L93: 29 | M93: 1 | N93: 3.3465 | O93: 6.69 | P93: 0.025 | Q93: 0.05
A94: 67 | B94: ТСЦ-301-3244 Постан.Правит.Свердл.обл. от 10.11.10 №1616-ПП | C94: Kлапаны обратные поворотные однодисковые 19ч21бр для воды и пара давлением 1,6 МПа (16 кгс/см2), диаметром 80 мм | D94: шт. | E94: 2 | F94: 106.54 | J94: 213
A95: 70 | B95: ТСЦ-201-8059 Постан.Правит.Свердл.обл. от 10.11.10 №1616-ПП | C95: Опорные части, седла, кронштейны и хомуты | D95: т | E95: 0,0415 (4*1+0,9*3+1*17,6+1*8,59+3*0,24+3*2,52+3*0,114)/1000 | F95: 11187 | J95: 464
A96: 71 | B96: ТЕР16-07-005-01 Постан.Правит.Свердл.обл. от 10.11.10 №1616-ПП | C96: Гидравлическое испытание трубопроводов систем отопления, водопровода и горячего водоснабжения диаметром до 50 мм (При ремонте и реконструкции зданий и сооружений работы, аналогичные технологическим процессам в новом строительстве (п. 3.4 Указаний к ТЕРр) ОЗП=1,15; ЭМ=1,25 к расх.; ЗПМ=1,25; ТЗ=1,15; ТЗМ=1,25) НР 128%*0.9 от ФОТ СП 83%*0.85 от ФОТ | D96: 100 м трубопровода | E96: 0,002 0,2 / 100 | F96: 120.55 | G96: 94.48 | H96: 19.11 | N96: 5.7615 | O96: 0.01
A97: 72 | B97: ТЕР16-07-005-02 Постан.Правит.Свердл.обл. от 10.11.10 №1616-ПП | C97: Гидравлическое испытание трубопроводов систем отопления, водопровода и горячего водоснабжения диаметром до 100 мм (При ремонте и реконструкции зданий и сооружений работы, аналогичные технологическим процессам в новом строительстве (п. 3.4 Указаний к ТЕРр) ОЗП=1,15; ЭМ=1,25 к расх.; ЗПМ=1,25; ТЗ=1,15; ТЗМ=1,25) НР (23 руб.): 128%*0.9 от ФОТ (20 руб.) СП (14 руб.): 83%*0.85 от ФОТ (20 руб.) | D97: 100 м трубопровода | E97: 0,207 (1+19,7) / 100 | F97: 134.21 | G97: 94.48 | H97: 19.11 | J97: 28 | K97: 20 | L97: 4 | N97: 5.7615 | O97: 1.19
A98: 73 | B98: ТЕР13-03-004-26 Постан.Правит.Свердл.обл. от 10.11.10 №1616-ПП | C98: Окраска металлических поверхностей эмалью ПФ-115 (ПЗ=2 (ОЗП=2; ЭМ=2 к расх.; ЗПМ=2; МАТ=2 к расх.; ТЗ=2; ТЗМ=2) (1-й уровень); При ремонте и реконструкции зданий и сооружений работы, аналогичные технологическим процессам в новом строительстве (п. 3.4 Указаний к ТЕРр) ОЗП=1,15; ЭМ=1,25 к расх.; ЗПМ=1,25; ТЗ=1,15; ТЗМ=1,25 (1-й уровень)) НР (6 руб.): 90%*0.9 от ФОТ (8 руб.) СП (5 руб.): 70%*0.85 от ФОТ (8 руб.) | D98: 100 м2 окрашиваемой поверхности | E98: 0,072 7,2 / 100 | F98: 1270.83 | G98: 105.24 | H98: 15.03 | I98: 0.36 | J98: 91 | K98: 8 | L98: 1 | N98: 8.2345 | O98: 0.59 | P98: 0.0225
A99: Итого прямые затраты по разделу в ценах 2001г. | J99: 18868 | K99: 699 | L99: 216 | M99: 7 | O99: 52.93 | Q99: 0.33
A100: Накладные расходы | J100: 810
A101: Сметная прибыль | J101: 497
A102: Итого по разделу 3 Трубопроводы система В12.1 | J102: 20175 | O102: 52.93 | Q102: 0.33
A103: Раздел 4. Трубопроводы система В13
A104: 74.1 | B104: ТЕР16-02-002-01 Постан.Правит.Свердл.обл. от 10.11.10 №1616-ПП | C104: Прокладка трубопроводов водоснабжения из стальных водогазопроводных оцинкованных труб диаметром 15 мм (При ремонте и реконструкции зданий и сооружений работы, аналогичные технологическим процессам в новом строительстве (п. 3.4 Указаний к ТЕРр) ОЗП=1,15; ЭМ=1,25 к расх.; ЗПМ=1,25; ТЗ=1,15; ТЗМ=1,25) НР (1 руб.): 128%*0.9 от ФОТ (1 руб.) СП (1 руб.): 83%*0.85 от ФОТ (1 руб.) | D104: 100 м трубопровода | E104: 0,002 0,2 / 100 | F104: 5115.41 | G104: 577.65 | H104: 98.95 | I104: 3.41 | J104: 10 | K104: 1 | N104: 42.6305 | O104: 0.09 | P104: 0.1875
A105: 76.1 | B105: ТЕР16-02-002-03 Постан.Правит.Свердл.обл. от 10.11.10 №1616-ПП | C105: Прокладка трубопроводов водоснабжения из стальных водогазопроводных оцинкованных труб диаметром 25 мм (При ремонте и реконструкции зданий и сооружений работы, аналогичные технологическим процессам в новом строительстве (п. 3.4 Указаний к ТЕРр) ОЗП=1,15; ЭМ=1,25 к расх.; ЗПМ=1,25; ТЗ=1,15; ТЗМ=1,25) НР (1 руб.): 128%*0.9 от ФОТ (1 руб.) СП (1 руб.): 83%*0.85 от ФОТ (1 руб.) | D105: 100 м трубопровода | E105: 0,002 0,2 / 100 | F105: 6303.56 | G105: 577.65 | H105: 98.95 | I105: 3.41 | J105: 13 | K105: 1 | N105: 42.6305 | O105: 0.09 | P105: 0.1875
A106: 78.1 | B106: ТЕР16-02-005-02 Постан.Правит.Свердл.обл. от 10.11.10 №1616-ПП | C106: Прокладка трубопроводов отопления и водоснабжения из стальных электросварных труб диаметром 50 мм (При ремонте и реконструкции зданий и сооружений работы, аналогичные технологическим процессам в новом строительстве (п. 3.4 Указаний к ТЕРр) ОЗП=1,15; ЭМ=1,25 к расх.; ЗПМ=1,25; ТЗ=1,15; ТЗМ=1,25) НР (2 руб.): 128%*0.9 от ФОТ (2 руб.) СП (1 руб.): 83%*0.85 от ФОТ (2 руб.) | D106: 100 м трубопровода | E106: 0,002 0,2/100 | F106: 7404.6 | G106: 962.57 | H106: 196.85 | I106: 4.33 | J106: 15 | K106: 2 | N106: 69.9545 | O106: 0.14 | P106: 0.2375
A107: 80.1 | B107: ТЕР16-02-005-04 Постан.Правит.Свердл.обл. от 10.11.10 №1616-ПП | C107: Прокладка трубопроводов отопления и водоснабжения из стальных электросварных труб диаметром 80 мм (При ремонте и реконструкции зданий и сооружений работы, аналогичные технологическим процессам в новом строительстве (п. 3.4 Указаний к ТЕРр) ОЗП=1,15; ЭМ=1,25 к расх.; ЗПМ=1,25; ТЗ=1,15; ТЗМ=1,25) НР (3 руб.): 128%*0.9 от ФОТ (3 руб.) СП (2 руб.): 83%*0.85 от ФОТ (3 руб.) | D107: 100 м трубопровода | E107: 0,002 0,2/100 | F107: 10990.33 | G107: 1261.96 | H107: 347.5 | I107: 8.41 | J107: 22 | K107: 3 | L107: 1 | N107: 91.7125 | O107: 0.18 | P107: 0.4625
...

Sheet 12-027-АТХ1
A1: СОГЛАСОВАНО: | M1: УТВЕРЖДАЮ:
A4: _________________ | M4: _________________
A5: " _____ " ________________ 2013 г. | M5: "____" ______________2013 г.
H6: ФГУП "Комбинат Электрохимприбор", г.Лесной Свердловской области
H7: (наименование стройки)
H9: ЛОКАЛЬНЫЙ СМЕТНЫЙ РАСЧЕТ № 12-027-АТХ1.СМ
H10: (локальная смета)
D12: Авктоматика к проекту: Модернизация системы технологической водоподготовки бассейна профилактория комбината
H13: (наименование работ и затрат, наименование объекта)
D15: Основание: 12-027-АТХ.С1
D16: Сметная стоимость _______________________________________________________________________________________________ | J16: ___________________________214,113 | L16: тыс. руб.
D17: монтажных работ _______________________________________________________________________________________________ | J17: _______________________________________________________________________________________________15,371 | L17: тыс. руб.
D18: оборудования _______________________________________________________________________________________________ | J18: _______________________________________________________________________________________________198,742 | L18: тыс. руб.
D19: Средства на оплату труда _______________________________________________________________________________________________ | J19: ___________________________3,371 | L19: тыс. руб.
D20: Сметная трудоемкость _______________________________________________________________________________________________ | J20: _______________________________________________________________________________________________246,48 | L20: чел.час
D21: Составлен(а) в текущих (прогнозных) ценах по состоянию на 2001г.
A24: № пп | B24: Обосно- вание | C24: Наименование | D24: Ед. изм. | E24: Кол. | F24: Стоимость единицы, руб. | J24: Общая стоимость, руб. | N24: Т/з осн. раб.на ед. | O24: Т/з осн. раб. Всего | P24: Т/з мех. на ед. | Q24: Т/з мех. Всего
F25: Всего | G25: В том числе | J25: Всего | K25: В том числе
G26: Осн.З/п | H26: Эк.Маш | I26: З/пМех | K26: Осн.З/п | L26: Эк.Маш | M26: З/пМех
A27: 1 | B27: 2 | C27: 3 | D27: 4 | E27: 5 | F27: 6 | G27: 7 | H27: 8 | I27: 9 | J27: 10 | K27: 11 | L27: 12 | M27: 13 | N27: 14 | O27: 15 | P27: 16 | Q27: 17
A28: Раздел 1. Оборудование
A29: 1 | B29: ТЕРм11-03-011-01 Постан.Правит.Свердл.обл. от 10.11.10 №1616-ПП | C29: Монтаж модуля НР (52 руб.): 80% от ФОТ (65 руб.) СП (39 руб.): 60% от ФОТ (65 руб.) | D29: 1 компл. | E29: 1 | F29: 114.59 | G29: 61.78 | H29: 42.29 | I29: 2.73 | J29: 115 | K29: 62 | L29: 42 | M29: 3 | N29: 4.49 | O29: 4.49 | P29: 0.15 | Q29: 0.15
A30: 2 | B30: Оборудование, ProMinent | C30: Центральный модуль многофункциональной системы DULCOMARIN II DULCO-Net, DXCa W 0 6 1 M А Р S EN 01 (Транспортные расходы - согласно п.4.60 из МДС 81-35.2004 ПЗ=3% (ОЗП=3%; ЭМ=3%; МАТ=3%); Заготовительно-складские расходы - согласно п.4.64 из МДС 81-35.2004 ПЗ=1,2% (ОЗП=1,2%; ЭМ=1,2%; МАТ=1,2%)) | D30: шт. | E30: 1 | F30: 42411,26 183404,00/1,18/ИндексОБ | J30: 42411
A31: 3 | B31: Оборудование, ProMinent | C31: Соединительный кабель для шины CAN, M12, 5 pole, 0.5 m 1022137 (Транспортные расходы - согласно п.4.60 из МДС 81-35.2004 ПЗ=3% (ОЗП=3%; ЭМ=3%; МАТ=3%); Заготовительно-складские расходы - согласно п.4.64 из МДС 81-35.2004 ПЗ=1,2% (ОЗП=1,2%; ЭМ=1,2%; МАТ=1,2%)) | D31: шт. | E31: 1 | F31: 535,34 2315,00/1,18/ИндексОБ | J31: 535
A32: 4 | B32: Оборудование, ProMinent | C32: T-образный соединитель для шины CAN M12,5-pole CAN 1022155 (Транспортные расходы - согласно п.4.60 из МДС 81-35.2004 ПЗ=3% (ОЗП=3%; ЭМ=3%; МАТ=3%); Заготовительно-складские расходы - согласно п.4.64 из МДС 81-35.2004 ПЗ=1,2% (ОЗП=1,2%; ЭМ=1,2%; МАТ=1,2%)) | D32: шт. | E32: 4 | F32: 402,36 1740,00/1,18/ИндексОБ | J32: 1609
A33: 5 | B33: Оборудование, ProMinent | C33: Терминальный резистор M12 разъем типа «папа» 1022154 (Транспортные расходы - согласно п.4.60 из МДС 81-35.2004 ПЗ=3% (ОЗП=3%; ЭМ=3%; МАТ=3%); Заготовительно-складские расходы - согласно п.4.64 из МДС 81-35.2004 ПЗ=1,2% (ОЗП=1,2%; ЭМ=1,2%; МАТ=1,2%)) | D33: шт. | E33: 2 | F33: 165,34 715,00/1,18/ИндексОБ | J33: 331
A34: 6 | B34: Оборудование, ProMinent | C34: Терминальный резистор M 12 разъем типа «мама» 1022592 (Транспортные расходы - согласно п.4.60 из МДС 81-35.2004 ПЗ=3% (ОЗП=3%; ЭМ=3%; МАТ=3%); Заготовительно-складские расходы - согласно п.4.64 из МДС 81-35.2004 ПЗ=1,2% (ОЗП=1,2%; ЭМ=1,2%; МАТ=1,2%)) | D34: шт. | E34: 2 | F34: 165,34 715,00/1,18/ИндексОБ | J34: 331
A35: 7 | B35: ТЕРм11-03-011-01 Постан.Правит.Свердл.обл. от 10.11.10 №1616-ПП | C35: Монтаж модуля НР (52 руб.): 80% от ФОТ (65 руб.) СП (39 руб.): 60% от ФОТ (65 руб.) | D35: 1 компл. | E35: 1 | F35: 114.59 | G35: 61.78 | H35: 42.29 | I35: 2.73 | J35: 115 | K35: 62 | L35: 42 | M35: 3 | N35: 4.49 | O35: 4.49 | P35: 0.15 | Q35: 0.15
A36: 8 | B36: Оборудование, ProMinent | C36: N-модуль питания CAN сети DXMaN W 2 S (Транспортные расходы - согласно п.4.60 из МДС 81-35.2004 ПЗ=3% (ОЗП=3%; ЭМ=3%; МАТ=3%); Заготовительно-складские расходы - согласно п.4.64 из МДС 81-35.2004 ПЗ=1,2% (ОЗП=1,2%; ЭМ=1,2%; МАТ=1,2%)) | D36: шт. | E36: 1 | F36: 3501,05 15140,00/1,18/ИндексОБ | J36: 3501
A37: 9 | B37: Оборудование, ProMinent | C37: Соединительный кабель для шины CAN, M12, 5 pole, 0.5 m 1022137 (Транспортные расходы - согласно п.4.60 из МДС 81-35.2004 ПЗ=3% (ОЗП=3%; ЭМ=3%; МАТ=3%); Заготовительно-складские расходы - согласно п.4.64 из МДС 81-35.2004 ПЗ=1,2% (ОЗП=1,2%; ЭМ=1,2%; МАТ=1,2%)) | D37: шт. | E37: 1 | F37: 535,34 2315,00/1,18/ИндексОБ | J37: 535
A38: 10 | B38: Оборудование, ProMinent | C38: T-образный соединитель для шины CAN M12,5-pole CAN 1022155 (Транспортные расходы - согласно п.4.60 из МДС 81-35.2004 ПЗ=3% (ОЗП=3%; ЭМ=3%; МАТ=3%); Заготовительно-складские расходы - согласно п.4.64 из МДС 81-35.2004 ПЗ=1,2% (ОЗП=1,2%; ЭМ=1,2%; МАТ=1,2%)) | D38: шт. | E38: 1 | F38: 402,36 1740,00/1,18/ИндексОБ | J38: 402
A39: 11 | B39: ТЕРм11-03-011-01 Постан.Правит.Свердл.обл. от 10.11.10 №1616-ПП | C39: Монтаж модуля НР (52 руб.): 80% от ФОТ (65 руб.) СП (39 руб.): 60% от ФОТ (65 руб.) | D39: 1 компл. | E39: 1 | F39: 114.59 | G39: 61.78 | H39: 42.29 | I39: 2.73 | J39: 115 | K39: 62 | L39: 42 | M39: 3 | N39: 4.49 | O39: 4.49 | P39: 0.15 | Q39: 0.15
A40: 12 | B40: Оборудование, ProMinent | C40: Измерительный модуль М-модуль для измерения рН и Redox DXMaM W 0 S EN 01 (Транспортные расходы - согласно п.4.60 из МДС 81-35.2004 ПЗ=3% (ОЗП=3%; ЭМ=3%; МАТ=3%); Заготовительно-складские расходы - согласно п.4.64 из МДС 81-35.2004 ПЗ=1,2% (ОЗП=1,2%; ЭМ=1,2%; МАТ=1,2%)) | D40: шт. | E40: 1 | F40: 11231,57 48570,00/1,18/ИндексОБ | J40: 11232
A41: 13 | B41: Оборудование, ProMinent | C41: Соединительный кабель для шины CAN, M12, 5 pole, 0.5 m 1022137 (Транспортные расходы - согласно п.4.60 из МДС 81-35.2004 ПЗ=3% (ОЗП=3%; ЭМ=3%; МАТ=3%); Заготовительно-складские расходы - согласно п.4.64 из МДС 81-35.2004 ПЗ=1,2% (ОЗП=1,2%; ЭМ=1,2%; МАТ=1,2%)) | D41: шт. | E41: 1 | F41: 535,34 2315,00/1,18/ИндексОБ | J41: 535
A42: 14 | B42: Оборудование, ProMinent | C42: T-образный соединитель для шины CAN M12,5-pole CAN 1022155 (Транспортные расходы - согласно п.4.60 из МДС 81-35.2004 ПЗ=3% (ОЗП=3%; ЭМ=3%; МАТ=3%); Заготовительно-складские расходы - согласно п.4.64 из МДС 81-35.2004 ПЗ=1,2% (ОЗП=1,2%; ЭМ=1,2%; МАТ=1,2%)) | D42: шт. | E42: 1 | F42: 402,36 1740,00/1,18/ИндексОБ | J42: 402
A43: 15 | B43: ТЕРм11-02-022-01 Постан.Правит.Свердл.обл. от 10.11.10 №1616-ПП | C43: Монтаж проточной ячейки НР (10 руб.): 80% от ФОТ (13 руб.) СП (8 руб.): 60% от ФОТ (13 руб.) | D43: 1 шт. | E43: 1 | F43: 12.94 | G43: 12.69 | J43: 13 | K43: 13 | N43: 1.03 | O43: 1.03
A44: 16 | B44: Оборудование, ProMinent | C44: Проточная ячейка датчиков температуры, рН и Redox DGMA 330T00 (Транспортные расходы - согласно п.4.60 из МДС 81-35.2004 ПЗ=3% (ОЗП=3%; ЭМ=3%; МАТ=3%); Заготовительно-складские расходы - согласно п.4.64 из МДС 81-35.2004 ПЗ=1,2% (ОЗП=1,2%; ЭМ=1,2%; МАТ=1,2%)) | D44: шт. | E44: 1 | F44: 9521,51 41175,00/1,18/ИндексОБ | J44: 9522
A45: 17 | B45: ТЕРм11-03-011-01 Постан.Правит.Свердл.обл. от 10.11.10 №1616-ПП | C45: Монтаж датчика протока НР (52 руб.): 80% от ФОТ (65 руб.) СП (39 руб.): 60% от ФОТ (65 руб.) | D45: 1 компл. | E45: 1 | F45: 114.59 | G45: 61.78 | H45: 42.29 | I45: 2.73 | J45: 115 | K45: 62 | L45: 42 | M45: 3 | N45: 4.49 | O45: 4.49 | P45: 0.15 | Q45: 0.15
A46: 18 | B46: Оборудование, ProMinent | C46: Датчик протока 791635 (Транспортные расходы - согласно п.4.60 из МДС 81-35.2004 ПЗ=3% (ОЗП=3%; ЭМ=3%; МАТ=3%); Заготовительно-складские расходы - согласно п.4.64 из МДС 81-35.2004 ПЗ=1,2% (ОЗП=1,2%; ЭМ=1,2%; МАТ=1,2%)) | D46: шт. | E46: 1 | F46: 1516,97 6560,00/1,18/ИндексОБ | J46: 1517
A47: 19 | B47: Оборудование, ProMinent | C47: Контрольный кабель для датчика протока 2х0,25 725122 (Транспортные расходы - согласно п.4.60 из МДС 81-35.2004 ПЗ=3% (ОЗП=3%; ЭМ=3%; МАТ=3%); Заготовительно-складские расходы - согласно п.4.64 из МДС 81-35.2004 ПЗ=1,2% (ОЗП=1,2%; ЭМ=1,2%; МАТ=1,2%)) | D47: шт. | E47: 1 | F47: 32,83 142,00/1,18/ИндексОБ | J47: 33
A48: 20 | B48: ТЕРм11-03-011-01 Постан.Правит.Свердл.обл. от 10.11.10 №1616-ПП | C48: Монтаж датчика температуры НР (52 руб.): 80% от ФОТ (65 руб.) СП (39 руб.): 60% от ФОТ (65 руб.) | D48: 1 компл. | E48: 1 | F48: 114.59 | G48: 61.78 | H48: 42.29 | I48: 2.73 | J48: 115 | K48: 62 | L48: 42 | M48: 3 | N48: 4.49 | O48: 4.49 | P48: 0.15 | Q48: 0.15
A49: 21 | B49: Оборудование, ProMinent | C49: Датчик температуры Pt100 SE 305063 (Транспортные расходы - согласно п.4.60 из МДС 81-35.2004 ПЗ=3% (ОЗП=3%; ЭМ=3%; МАТ=3%); Заготовительно-складские расходы - согласно п.4.64 из МДС 81-35.2004 ПЗ=1,2% (ОЗП=1,2%; ЭМ=1,2%; МАТ=1,2%)) | D49: шт. | E49: 1 | F49: 2139,02 9250,00/1,18/ИндексОБ | J49: 2139
A50: 22 | B50: ТЕРм11-03-011-01 Постан.Правит.Свердл.обл. от 10.11.10 №1616-ПП | C50: Монтаж датчика рН НР (52 руб.): 80% от ФОТ (65 руб.) СП (39 руб.): 60% от ФОТ (65 руб.) | D50: 1 компл. | E50: 1 | F50: 114.59 | G50: 61.78 | H50: 42.29 | I50: 2.73 | J50: 115 | K50: 62 | L50: 42 | M50: 3 | N50: 4.49 | O50: 4.49 | P50: 0.15 | Q50: 0.15
A51: 23 | B51: Оборудование, ProMinent | C51: Датчик рН PHE S 112 S 150702 (Транспортные расходы - согласно п.4.60 из МДС 81-35.2004 ПЗ=3% (ОЗП=3%; ЭМ=3%; МАТ=3%); Заготовительно-складские расходы - согласно п.4.64 из МДС 81-35.2004 ПЗ=1,2% (ОЗП=1,2%; ЭМ=1,2%; МАТ=1,2%)) | D51: шт. | E51: 1 | F51: 2394,54 10355,00/1,18/ИндексОБ | J51: 2395
A52: 24 | B52: Оборудование, ProMinent | C52: Коаксиальный кабель для датчика рН в сборе 5 м SN6 1024107 (Транспортные расходы - согласно п.4.60 из МДС 81-35.2004 ПЗ=3% (ОЗП=3%; ЭМ=3%; МАТ=3%); Заготовительно-складские расходы - согласно п.4.64 из МДС 81-35.2004 ПЗ=1,2% (ОЗП=1,2%; ЭМ=1,2%; МАТ=1,2%)) | D52: шт. | E52: 1 | F52: 657,9 2845,00/1,18/ИндексОБ | J52: 658
A53: 25 | B53: ТЕРм11-03-011-01 Постан.Правит.Свердл.обл. от 10.11.10 №1616-ПП | C53: Монтаж датчика Redox НР (52 руб.): 80% от ФОТ (65 руб.) СП (39 руб.): 60% от ФОТ (65 руб.) | D53: 1 компл. | E53: 1 | F53: 114.59 | G53: 61.78 | H53: 42.29 | I53: 2.73 | J53: 115 | K53: 62 | L53: 42 | M53: 3 | N53: 4.49 | O53: 4.49 | P53: 0.15 | Q53: 0.15
A54: 26 | B54: Оборудование, ProMinent | C54: Датчик Redox RHES-Pt-SE 150703 (Транспортные расходы - согласно п.4.60 из МДС 81-35.2004 ПЗ=3% (ОЗП=3%; ЭМ=3%; МАТ=3%); Заготовительно-складские расходы - согласно п.4.64 из МДС 81-35.2004 ПЗ=1,2% (ОЗП=1,2%; ЭМ=1,2%; МАТ=1,2%)) | D54: шт. | E54: 1 | F54: 2485,88 10750,00/1,18/ИндексОБ | J54: 2486
A55: 27 | B55: Оборудование, ProMinent | C55: Коаксиальный кабель для датчика рН в сборе 5 м SN6 1024107 (Транспортные расходы - согласно п.4.60 из МДС 81-35.2004 ПЗ=3% (ОЗП=3%; ЭМ=3%; МАТ=3%); Заготовительно-складские расходы - согласно п.4.64 из МДС 81-35.2004 ПЗ=1,2% (ОЗП=1,2%; ЭМ=1,2%; МАТ=1,2%)) | D55: шт. | E55: 1 | F55: 657,9 2845,00/1,18/ИндексОБ | J55: 658
A56: 28 | B56: ТЕРм11-03-011-01 Постан.Правит.Свердл.обл. от 10.11.10 №1616-ПП | C56: Монтаж модуля НР (103 руб.): 80% от ФОТ (129 руб.) СП (77 руб.): 60% от ФОТ (129 руб.) | D56: 1 компл. | E56: 2 | F56: 114.59 | G56: 61.78 | H56: 42.29 | I56: 2.73 | J56: 229 | K56: 124 | L56: 85 | M56: 5 | N56: 4.49 | O56: 8.98 | P56: 0.15 | Q56: 0.3
A57: 29 | B57: Оборудование, ProMinent | C57: I-модуль контрольно-измерительной системы DXMa DXMaI W 0 S EN 01 (Транспортные расходы - согласно п.4.60 из МДС 81-35.2004 ПЗ=3% (ОЗП=3%; ЭМ=3%; МАТ=3%); Заготовительно-складские расходы - согласно п.4.64 из МДС 81-35.2004 ПЗ=1,2% (ОЗП=1,2%; ЭМ=1,2%; МАТ=1,2%)) | D57: шт. | E57: 2 | F57: 12854,92 55590,00/1,18/ИндексОБ | J57: 25710
A58: 30 | B58: Оборудование, ProMinent | C58: Соединительный кабель для шины CAN, M12, 5 pole, 0.5 m 1022137 (Транспортные расходы - согласно п.4.60 из МДС 81-35.2004 ПЗ=3% (ОЗП=3%; ЭМ=3%; МАТ=3%); Заготовительно-складские расходы - согласно п.4.64 из МДС 81-35.2004 ПЗ=1,2% (ОЗП=1,2%; ЭМ=1,2%; МАТ=1,2%)) | D58: шт. | E58: 2 1*2 | F58: 535,34 2315,00/1,18/ИндексОБ | J58: 1071
A59: 31 | B59: Оборудование, ProMinent | C59: T-образный соединитель для шины CAN M12,5-pole CAN 1022155 (Транспортные расходы - согласно п.4.60 из МДС 81-35.2004 ПЗ=3% (ОЗП=3%; ЭМ=3%; МАТ=3%); Заготовительно-складские расходы - согласно п.4.64 из МДС 81-35.2004 ПЗ=1,2% (ОЗП=1,2%; ЭМ=1,2%; МАТ=1,2%)) | D59: шт. | E59: 2 1*2 | F59: 402,36 1740,00/1,18/ИндексОБ | J59: 805
A60: 32 | B60: ТЕРм11-03-011-01 Постан.Правит.Свердл.обл. от 10.11.10 №1616-ПП | C60: Монтаж проточной ячейки НР (52 руб.): 80% от ФОТ (65 руб.) СП (39 руб.): 60% от ФОТ (65 руб.) | D60: 1 компл. | E60: 1 | F60: 114.59 | G60: 61.78 | H60: 42.29 | I60: 2.73 | J60: 115 | K60: 62 | L60: 42 | M60: 3 | N60: 4.49 | O60: 4.49 | P60: 0.15 | Q60: 0.15
A61: 33 | B61: Оборудование, ProMinent | C61: Проточная ячейка датчиков хлора и температуры DGMA312T00 (Транспортные расходы - согласно п.4.60 из МДС 81-35.2004 ПЗ=3% (ОЗП=3%; ЭМ=3%; МАТ=3%); Заготовительно-складские расходы - согласно п.4.64 из МДС 81-35.2004 ПЗ=1,2% (ОЗП=1,2%; ЭМ=1,2%; МАТ=1,2%)) | D61: шт. | E61: 1 | F61: 8926,06 38600,00/1,18/ИндексОБ | J61: 8926
A62: 34 | B62: ТЕРм11-03-011-01 Постан.Правит.Свердл.обл. от 10.11.10 №1616-ПП | C62: Монтаж датчика хлора НР (52 руб.): 80% от ФОТ (65 руб.) СП (39 руб.): 60% от ФОТ (65 руб.) | D62: 1 компл. | E62: 1 | F62: 114.59 | G62: 61.78 | H62: 42.29 | I62: 2.73 | J62: 115 | K62: 62 | L62: 42 | M62: 3 | N62: 4.49 | O62: 4.49 | P62: 0.15 | Q62: 0.15
A63: 35 | B63: Оборудование, ProMinent | C63: Датчик хлора свободного со встроенной температурной компенсацией, некалиброванный, CAN интерфейс 0,01…10,0 мг/л CLE 3.1-CAN-10ppm 1023426 (Транспортные расходы - согласно п.4.60 из МДС 81-35.2004 ПЗ=3% (ОЗП=3%; ЭМ=3%; МАТ=3%); Заготовительно-складские расходы - согласно п.4.64 из МДС 81-35.2004 ПЗ=1,2% (ОЗП=1,2%; ЭМ=1,2%; МАТ=1,2%)) | D63: шт. | E63: 1 | F63: 15900,87 68762,00/1,18/ИндексОБ | J63: 15901
A64: 36 | B64: Оборудование, ProMinent | C64: Соединительный кабель для шины CAN, M12, 5 pole, 0.5 m 1022137 (Транспортные расходы - согласно п.4.60 из МДС 81-35.2004 ПЗ=3% (ОЗП=3%; ЭМ=3%; МАТ=3%); Заготовительно-складские расходы - согласно п.4.64 из МДС 81-35.2004 ПЗ=1,2% (ОЗП=1,2%; ЭМ=1,2%; МАТ=1,2%)) | D64: шт. | E64: 1 | F64: 535,34 2315,00/1,18/ИндексОБ | J64: 535
A65: 37 | B65: Оборудование, ProMinent | C65: T-образный соединитель для шины CAN M12,5-pole CAN 1022155 (Транспортные расходы - согласно п.4.60 из МДС 81-35.2004 ПЗ=3% (ОЗП=3%; ЭМ=3%; МАТ=3%); Заготовительно-складские расходы - согласно п.4.64 из МДС 81-35.2004 ПЗ=1,2% (ОЗП=1,2%; ЭМ=1,2%; МАТ=1,2%)) | D65: шт. | E65: 1 | F65: 402,36 1740,00/1,18/ИндексОБ | J65: 402
A66: 38 | B66: ТЕРм11-03-011-01 Постан.Правит.Свердл.обл. от 10.11.10 №1616-ПП | C66: Монтаж датчика хлора НР (52 руб.): 80% от ФОТ (65 руб.) СП (39 руб.): 60% от ФОТ (65 руб.) | D66: 1 компл. | E66: 1 | F66: 114.59 | G66: 61.78 | H66: 42.29 | I66: 2.73 | J66: 115 | K66: 62 | L66: 42 | M66: 3 | N66: 4.49 | O66: 4.49 | P66: 0.15 | Q66: 0.15
A67: 39 | B67: Оборудование, ProMinent | C67: Датчик хлора общего со встроенной температурной компенсацией, некалиброванный, CAN интерфейс 0,01…10,0 10,0 мг/л CTE 1 –CAN-10ppm 1023427 (Транспортные расходы - согласно п.4.60 из МДС 81-35.2004 ПЗ=3% (ОЗП=3%; ЭМ=3%; МАТ=3%); Заготовительно-складские расходы - согласно п.4.64 из МДС 81-35.2004 ПЗ=1,2% (ОЗП=1,2%; ЭМ=1,2%; МАТ=1,2%)) | D67: шт. | E67: 1 | F67: 15900,87 68762,00/1,18/ИндексОБ | J67: 15901
A68: 40 | B68: Оборудование, ProMinent | C68: Соединительный кабель для шины CAN, M12, 5 pole, 0.5 m 1022137 (Транспортные расходы - согласно п.4.60 из МДС 81-35.2004 ПЗ=3% (ОЗП=3%; ЭМ=3%; МАТ=3%); Заготовительно-складские расходы - согласно п.4.64 из МДС 81-35.2004 ПЗ=1,2% (ОЗП=1,2%; ЭМ=1,2%; МАТ=1,2%)) | D68: шт. | E68: 1 | F68: 535,34 2315,00/1,18/ИндексОБ | J68: 535
A69: 41 | B69: Оборудование, ProMinent | C69: T-образный соединитель для шины CAN M12,5-pole CAN 1022155 (Транспортные расходы - согласно п.4.60 из МДС 81-35.2004 ПЗ=3% (ОЗП=3%; ЭМ=3%; МАТ=3%); Заготовительно-складские расходы - согласно п.4.64 из МДС 81-35.2004 ПЗ=1,2% (ОЗП=1,2%; ЭМ=1,2%; МАТ=1,2%)) | D69: шт. | E69: 1 | F69: 402,36 1740,00/1,18/ИндексОБ | J69: 402
A70: 42 | B70: ТЕРм11-03-011-01 Постан.Правит.Свердл.обл. от 10.11.10 №1616-ПП | C70: Монтаж датчика температуры НР (52 руб.): 80% от ФОТ (65 руб.) СП (39 руб.): 60% от ФОТ (65 руб.) | D70: 1 компл. | E70: 1 | F70: 114.59 | G70: 61.78 | H70: 42.29 | I70: 2.73 | J70: 115 | K70: 62 | L70: 42 | M70: 3 | N70: 4.49 | O70: 4.49 | P70: 0.15 | Q70: 0.15
A71: 43 | B71: Оборудование, ProMinent | C71: Датчик температуры Pt100 SE 305063 (Транспортные расходы - согласно п.4.60 из МДС 81-35.2004 ПЗ=3% (ОЗП=3%; ЭМ=3%; МАТ=3%); Заготовительно-складские расходы - согласно п.4.64 из МДС 81-35.2004 ПЗ=1,2% (ОЗП=1,2%; ЭМ=1,2%; МАТ=1,2%)) | D71: шт. | E71: 1 | F71: 2139,02 9250,00/1,18/ИндексОБ | J71: 2139
A72: 44 | B72: ТЕРм11-03-011-01 Постан.Правит.Свердл.обл. от 10.11.10 №1616-ПП | C72: Монтаж датчика протока НР (52 руб.): 80% от ФОТ (65 руб.) СП (39 руб.): 60% от ФОТ (65 руб.) | D72: 1 компл. | E72: 1 | F72: 114.59 | G72: 61.78 | H72: 42.29 | I72: 2.73 | J72: 115 | K72: 62 | L72: 42 | M72: 3 | N72: 4.49 | O72: 4.49 | P72: 0.15 | Q72: 0.15
A73: 45 | B73: Оборудование, ProMinent | C73: Датчик протока 791635 (Транспортные расходы - согласно п.4.60 из МДС 81-35.2004 ПЗ=3% (ОЗП=3%; ЭМ=3%; МАТ=3%); Заготовительно-складские расходы - согласно п.4.64 из МДС 81-35.2004 ПЗ=1,2% (ОЗП=1,2%; ЭМ=1,2%; МАТ=1,2%)) | D73: шт. | E73: 1 | F73: 1516,97 6560,00/1,18/ИндексОБ | J73: 1517
A74: 46 | B74: Оборудование, ProMinent | C74: Контрольный кабель для датчика протока 2х0,25 725122 (Транспортные расходы - согласно п.4.60 из МДС 81-35.2004 ПЗ=3% (ОЗП=3%; ЭМ=3%; МАТ=3%); Заготовительно-складские расходы - согласно п.4.64 из МДС 81-35.2004 ПЗ=1,2% (ОЗП=1,2%; ЭМ=1,2%; МАТ=1,2%)) | D74: шт. | E74: 1 | F74: 32,83 142,00/1,18/ИндексОБ | J74: 33
A75: 47 | B75: ТЕРм11-02-022-05 Постан.Правит.Свердл.обл. от 10.11.10 №1616-ПП | C75: Монтаж расходомеров НР (82 руб.): 80% от ФОТ (102 руб.) СП (61 руб.): 60% от ФОТ (102 руб.) | D75: 1 шт. | E75: 2 1+1 | F75: 97.67 | G75: 50.76 | H75: 17.47 | J75: 195 | K75: 102 | L75: 35 | N75: 4.12 | O75: 8.24
A76: 48 | B76: Оборудование, Encont | C76: Расходомер воды на подпитку и на циркуляцию с лотков двухканальный однолучевой (два выхода - число-импульсный и 4-20 мА на каждый канал ) US800-22-032/065-030/030 1шт согласно опросному листу 1 (Транспортные расходы - согласно п.4.60 из МДС 81-35.2004 ПЗ=3% (ОЗП=3%; ЭМ=3%; МАТ=3%); Заготовительно-складские расходы - согласно п.4.64 из МДС 81-35.2004 ПЗ=1,2% (ОЗП=1,2%; ЭМ=1,2%; МАТ=1,2%)) | D76: шт. | E76: 1 | F76: 18615,23 80500,00/1,18/ИндексОБ | J76: 18615
A77: 49 | B77: Оборудование, Encont | C77: Расходомер воды на циркуляцию общий и воды на промывку двухканальный однолучевой (выход 4-20 мА на каждый канал)_x000D_ US800-23-080/080-030/030_x000D_ согласно опросному листу 2 (Транспортные расходы - согласно п.4.60 из МДС 81-35.2004 ПЗ=3% (ОЗП=3%; ЭМ=3%; МАТ=3%); Заготовительно-складские расходы - согласно п.4.64 из МДС 81-35.2004 ПЗ=1,2% (ОЗП=1,2%; ЭМ=1,2%; МАТ=1,2%)) | D77: шт. | E77: 1 | F77: 19077,71 82500,00/1,18/ИндексОБ | J77: 19078
A79: 50 | B79: ТЕРм11-03-011-01 Постан.Правит.Свердл.обл. от 10.11.10 №1616-ПП | C79: Монтаж датчиков НР (206 руб.): 80% от ФОТ (258 руб.) СП (155 руб.): 60% от ФОТ (258 руб.) | D79: 1 компл. | E79: 4 | F79: 114.59 | G79: 61.78 | H79: 42.29 | I79: 2.73 | J79: 458 | K79: 247 | L79: 169 | M79: 11 | N79: 4.49 | O79: 17.96 | P79: 0.15 | Q79: 0.6
A80: Итого прямые затраты по разделу в ценах 2001г. | J80: 195077 | K80: 1230 | L80: 793 | M80: 52 | O80: 90.09 | Q80: 2.7
A81: Накладные расходы | J81: 1026
A82: Сметная прибыль | J82: 769
A83: Итого по разделу 1 Оборудование | J83: 196872 | O83: 90.09 | Q83: 2.7
A84: Раздел 2. Оборудование в операторском помещении
A85: 52 | B85: ТЕРм08-01-081-01 Постан.Правит.Свердл.обл. от 10.11.10 №1616-ПП | C85: Монтаж светозвуковой колонны НР (15 руб.): 95% от ФОТ (16 руб.) СП (10 руб.): 65% от ФОТ (16 руб.) | D85: 1 шт. | E85: 1 | F85: 29.8 | G85: 15.31 | H85: 11.69 | I85: 0.73 | J85: 30 | K85: 15 | L85: 12 | M85: 1 | N85: 1.13 | O85: 1.13 | P85: 0.04 | Q85: 0.04
A86: 53 | B86: Оборудование, Skatural | C86: Светозвуковая колонна Монтажный элемент 2374.000 (Транспортные расходы - согласно п.4.60 из МДС 81-35.2004 ПЗ=3% (ОЗП=3%; ЭМ=3%; МАТ=3%); Заготовительно-складские расходы - согласно п.4.64 из МДС 81-35.2004 ПЗ=1,2% (ОЗП=1,2%; ЭМ=1,2%; МАТ=1,2%)) | D86: шт. | E86: 1 | F86: 215,52 932,00/1,18/ИндексОБ | J86: 216
A87: 54 | B87: Оборудование, Skatural | C87: Светозвуковая колонна Присоединительный элемент 2368.000 (Транспортные расходы - согласно п.4.60 из МДС 81-35.2004 ПЗ=3% (ОЗП=3%; ЭМ=3%; МАТ=3%); Заготовительно-складские расходы - согласно п.4.64 из МДС 81-35.2004 ПЗ=1,2% (ОЗП=1,2%; ЭМ=1,2%; МАТ=1,2%)) | D87: шт. | E87: 1 | F87: 332,53 1438,00/1,18/ИндексОБ | J87: 333
A88: 55 | B88: Оборудование, Skatural | C88: Светозвуковая колонна Оптический элемент красный 2369.000 (Транспортные расходы - согласно п.4.60 из МДС 81-35.2004 ПЗ=3% (ОЗП=3%; ЭМ=3%; МАТ=3%); Заготовительно-складские расходы - согласно п.4.64 из МДС 81-35.2004 ПЗ=1,2% (ОЗП=1,2%; ЭМ=1,2%; МАТ=1,2%)) | D88: шт. | E88: 1 | F88: 241,42 1044,00/1,18/ИндексОБ | J88: 241
A89: 56 | B89: Оборудование, Skatural | C89: Светозвуковая колонна Лампа накаливания 2374.070 (Транспортные расходы - согласно п.4.60 из МДС 81-35.2004 ПЗ=3% (ОЗП=3%; ЭМ=3%; МАТ=3%); Заготовительно-складские расходы - согласно п.4.64 из МДС 81-35.2004 ПЗ=1,2% (ОЗП=1,2%; ЭМ=1,2%; МАТ=1,2%)) | D89: шт. | E89: 1 | F89: 96,2 416,00/1,18/ИндексОБ | J89: 96
A90: 57 | B90: Оборудование, Skatural | C90: Светозвуковая колонна Акустический элемент 2376.020 (Транспортные расходы - согласно п.4.60 из МДС 81-35.2004 ПЗ=3% (ОЗП=3%; ЭМ=3%; МАТ=3%); Заготовительно-складские расходы - согласно п.4.64 из МДС 81-35.2004 ПЗ=1,2% (ОЗП=1,2%; ЭМ=1,2%; МАТ=1,2%)) | D90: шт. | E90: 1 | F90: 593,37 2566,00/1,18/ИндексОБ | J90: 593
A91: 58 | B91: ТЕРм11-04-002-01 Постан.Правит.Свердл.обл. от 10.11.10 №1616-ПП | C91: Монтаж компьютера и принтера НР (23 руб.): 92% от ФОТ (25 руб.) СП (16 руб.): 65% от ФОТ (25 руб.) | D91: 1 шт. | E91: 2 1+1 | F91: 30.09 | G91: 12.37 | H91: 17.47 | J91: 60 | K91: 25 | L91: 35 | N91: 1.03 | O91: 2.06
A92: 59 | B92: Оборудование | C92: Персональный компьютер Aspire 5755G-32314G32Mncs, мышь, колонки (Транспортные расходы - согласно п.4.60 из МДС 81-35.2004 ПЗ=3% (ОЗП=3%; ЭМ=3%; МАТ=3%); Заготовительно-складские расходы - согласно п.4.64 из МДС 81-35.2004 ПЗ=1,2% (ОЗП=1,2%; ЭМ=1,2%; МАТ=1,2%)) | D92: шт. | E92: 1 | F92: 3875,66 (16000+310+450)/1,18/ИндексОБ | J92: 3876
A93: 60 | B93: Оборудование | C93: Принтер ч/б Samsung ML-2160 (Транспортные расходы - согласно п.4.60 из МДС 81-35.2004 ПЗ=3% (ОЗП=3%; ЭМ=3%; МАТ=3%); Заготовительно-складские расходы - согласно п.4.64 из МДС 81-35.2004 ПЗ=1,2% (ОЗП=1,2%; ЭМ=1,2%; МАТ=1,2%)) | D93: шт. | E93: 1 | F93: 584,82 2529,00/1,18/ИндексОБ | J93: 585
A94: 61 | B94: ТЕРм08-02-405-01 Постан.Правит.Свердл.обл. от 10.11.10 №1616-ПП | C94: Монтаж кабеля НР (1946 руб.): 95% от ФОТ (2048 руб.) СП (1331 руб.): 65% от ФОТ (2048 руб.) | D94: 100 м | E94: 4 (300+100) / 100 | F94: 1533.01 | G94: 507.48 | H94: 145.97 | I94: 4.55 | J94: 6132 | K94: 2030 | L94: 584 | M94: 18 | N94: 38.3 | O94: 153.2 | P94: 0.25 | Q94: 1
A95: 62 | B95: Материалы | C95: Кабель МКЭШ 2*0,75 (Указания по применению ТЕР, п.2.7. Заготовительно-складские расходы на материалы по прайс-листам МАТ=2%) | D95: м | E95: 300 | F95: 2,67 17,10/1,18/ИндексСМР | J95: 801
A96: 63 | B96: Материалы, Skatural | C96: Кабель 6XV1830-0ET10 (100м) (Указания по применению ТЕР, п.2.7. Заготовительно-складские расходы на материалы по прайс-листам МАТ=2%) | D96: шт | E96: 1 | F96: 935,69 5986,00/1,18/ИндексСМР | J96: 936
A97: Итого прямые затраты по разделу в ценах 2001г. | J97: 13899 | K97: 2070 | L97: 631 | M97: 19 | O97: 156.39 | Q97: 1.04
A98: Накладные расходы | J98: 1984
A99: Сметная прибыль | J99: 1358
A100: Итого по разделу 2 Оборудование в операторском помещении | J100: 17241 | O100: 156.39 | Q100: 1.04
A101: ИТОГИ ПО СМЕТЕ:
A102: Итого прямые затраты по смете в ценах 2001г. | J102: 208976 | K102: 3300 | L102: 1424 | M102: 71 | O102: 246.48 | Q102: 3.74
A103: Накладные расходы | J103: 3010
A104: Сметная прибыль | J104: 2127
A105: Итоги по смете:
A106: Итого Монтажные работы | J106: 15371 | O106: 246.48 | Q106: 3.74
A107: Итого Оборудование | J107: 198742
A108: Итого | J108: 214113 | O108: 246.48 | Q108: 3.74
...

Sheet 12-027-АТХ2
A1: СОГЛАСОВАНО: | M1: УТВЕРЖДАЮ:
A4: _________________ | M4: _________________
A5: " _____ " ________________ 2013 г. | M5: "____" ______________2013 г.
H6: ФГУП "Комбинат Электрохимприбор", г.Лесной Свердловской области
H7: (наименование стройки)
H9: ЛОКАЛЬНЫЙ СМЕТНЫЙ РАСЧЕТ № 12-027-АТХ2.СМ
H10: (локальная смета)
D12: Автоматика к проекту: Модернизация системы технологической водоподготовки бассейна профилактория комбината
H13: (наименование работ и затрат, наименование объекта)
D15: Основание: 12-027-АТХ.С2
D16: Сметная стоимость _______________________________________________________________________________________________ | J16: ___________________________90,407 | L16: тыс. руб.
D17: монтажных работ _______________________________________________________________________________________________ | J17: _______________________________________________________________________________________________36,655 | L17: тыс. руб.
D18: оборудования _______________________________________________________________________________________________ | J18: _______________________________________________________________________________________________53,752 | L18: тыс. руб.
D19: Средства на оплату труда _______________________________________________________________________________________________ | J19: ___________________________6,859 | L19: тыс. руб.
D20: Сметная трудоемкость _______________________________________________________________________________________________ | J20: _______________________________________________________________________________________________505,09 | L20: чел.час
D21: Составлен(а) в текущих (прогнозных) ценах по состоянию на 2001г.
A24: № пп | B24: Обосно- вание | C24: Наименование | D24: Ед. изм. | E24: Кол. | F24: Стоимость единицы, руб. | J24: Общая стоимость, руб. | N24: Т/з осн. раб.на ед. | O24: Т/з осн. раб. Всего | P24: Т/з мех. на ед. | Q24: Т/з мех. Всего
F25: Всего | G25: В том числе | J25: Всего | K25: В том числе
G26: Осн.З/п | H26: Эк.Маш | I26: З/пМех | K26: Осн.З/п | L26: Эк.Маш | M26: З/пМех
A27: 1 | B27: 2 | C27: 3 | D27: 4 | E27: 5 | F27: 6 | G27: 7 | H27: 8 | I27: 9 | J27: 10 | K27: 11 | L27: 12 | M27: 13 | N27: 14 | O27: 15 | P27: 16 | Q27: 17
A28: Раздел 1. Оборудование шкафа БУП
A29: 1 | B29: ТЕРм11-04-008-01 Постан.Правит.Свердл.обл. от 10.11.10 №1616-ПП | C29: Монтаж блока питания НР (12 руб.): 92% от ФОТ (13 руб.) СП (8 руб.): 65% от ФОТ (13 руб.) | D29: 1 шт. | E29: 1 | F29: 13.88 | G29: 12.54 | H29: 1.09 | J29: 14 | K29: 13 | L29: 1 | N29: 1.03 | O29: 1.03
A30: 2 | B30: Оборудование | C30: Блок питания. SIMATIC S7-1200 POWER MODULE PM1207 STABILIZED POWER SUPPLY INPUT: 120/230 V AC OUTPUT: 24 V DC/2.5 A 6EP1332-1SH71 (Транспортные расходы - согласно п.4.60 из МДС 81-35.2004 ПЗ=3% (ОЗП=3%; ЭМ=3%; МАТ=3%); Заготовительно-складские расходы - согласно п.4.64 из МДС 81-35.2004 ПЗ=1,2% (ОЗП=1,2%; ЭМ=1,2%; МАТ=1,2%)) | D30: шт. | E30: 1 | F30: 691,42 2990,00/1,18/ИндексОБ | J30: 691
A31: 3 | B31: ТЕРм11-04-008-01 Постан.Правит.Свердл.обл. от 10.11.10 №1616-ПП | C31: Монтаж процессора НР (12 руб.): 92% от ФОТ (13 руб.) СП (8 руб.): 65% от ФОТ (13 руб.) | D31: 1 шт. | E31: 1 | F31: 13.88 | G31: 12.54 | H31: 1.09 | J31: 14 | K31: 13 | L31: 1 | N31: 1.03 | O31: 1.03
A32: 4 | B32: Оборудование | C32: Процессор. SIMATIC S7-1200, CPU 1214C, COMPACT CPU, DC/DC/DC, ONBOARD I/O: 14 DI 24V DC; 10 DO 24 V DC; 2 AI 0 - 10V DC OR 0 - 20MA, POWER SUPPLY: DC 20.4 - 28.8 V DC, PROGRAM/DATA MEMORY: 50 KB 6ES7214-1AE30-0XB0 (Транспортные расходы - согласно п.4.60 из МДС 81-35.2004 ПЗ=3% (ОЗП=3%; ЭМ=3%; МАТ=3%); Заготовительно-складские расходы - согласно п.4.64 из МДС 81-35.2004 ПЗ=1,2% (ОЗП=1,2%; ЭМ=1,2%; МАТ=1,2%)) | D32: шт. | E32: 1 | F32: 2958,08 12792,00/1,18/ИндексОБ | J32: 2958
A33: 5 | B33: ТЕРм10-03-001-04 Постан.Правит.Свердл.обл. от 10.11.10 №1616-ПП | C33: Монтаж карт памяти НР (93 руб.): 80% от ФОТ (116 руб.) СП (70 руб.): 60% от ФОТ (116 руб.) | D33: 1 шт. | E33: 4 1+3 | F33: 34.97 | G33: 27.5 | H33: 6.92 | I33: 1.41 | J33: 140 | K33: 110 | L33: 28 | M33: 6 | N33: 2.29 | O33: 9.16 | P33: 0.09 | Q33: 0.36
A34: 6 | B34: Оборудование | C34: SIMATIC S7, MEMORY CARD FOR S7-1200 CPU, 3,3 V NFLASH, 2 MBYTE 6ES7954-8LB01-0AA0 (Транспортные расходы - согласно п.4.60 из МДС 81-35.2004 ПЗ=3% (ОЗП=3%; ЭМ=3%; МАТ=3%); Заготовительно-складские расходы - согласно п.4.64 из МДС 81-35.2004 ПЗ=1,2% (ОЗП=1,2%; ЭМ=1,2%; МАТ=1,2%)) | D34: шт. | E34: 1 | F34: 502,49 2173,00/1,18/ИндексОБ | J34: 502
A35: 7 | B35: Оборудование | C35: SIMATIC S7, MEMORY CARD FOR S7-1200 CPU, 3,3 V NFLASH, 2 MBYTE 6ES7954-8LB01-0AA0 (Транспортные расходы - согласно п.4.60 из МДС 81-35.2004 ПЗ=3% (ОЗП=3%; ЭМ=3%; МАТ=3%); Заготовительно-складские расходы - согласно п.4.64 из МДС 81-35.2004 ПЗ=1,2% (ОЗП=1,2%; ЭМ=1,2%; МАТ=1,2%)) | D35: шт. | E35: 3 | F35: 2114,27 9143,00/1,18/ИндексОБ | J35: 6343
A36: 8 | B36: ТЕРм11-04-008-01 Постан.Правит.Свердл.обл. от 10.11.10 №1616-ПП | C36: Монтаж модуля НР (12 руб.): 92% от ФОТ (13 руб.) СП (8 руб.): 65% от ФОТ (13 руб.) | D36: 1 шт. | E36: 1 | F36: 13.88 | G36: 12.54 | H36: 1.09 | J36: 14 | K36: 13 | L36: 1 | N36: 1.03 | O36: 1.03
A37: 9 | B37: Оборудование | C37: SIMATIC S7-1200, МОДУЛЬ АНАЛОГОВОГО ВВОДА, SM 1231, 8 AI, +/-10В, +/-5В, +/-2,5В, ИЛИ 0-20 MA 12 БИТ + ЗНАК ИЛИ (13 БИТ ADC) 6ES7231-4HF30-0XB0 (Транспортные расходы - согласно п.4.60 из МДС 81-35.2004 ПЗ=3% (ОЗП=3%; ЭМ=3%; МАТ=3%); Заготовительно-складские расходы - согласно п.4.64 из МДС 81-35.2004 ПЗ=1,2% (ОЗП=1,2%; ЭМ=1,2%; МАТ=1,2%)) | D37: шт. | E37: 1 | F37: 2863,28 12382,00/1,18/ИндексОБ | J37: 2863
A38: 10 | B38: ТЕРм08-03-575-01 Постан.Правит.Свердл.обл. от 10.11.10 №1616-ПП | C38: Монтаж автоматических выключателей, на ток до 25 А НР (134 руб.): 95% от ФОТ (141 руб.) СП (92 руб.): 65% от ФОТ (141 руб.) | D38: 1 шт. | E38: 9 1+8 | F38: 16.3 | G38: 15.65 | J38: 147 | K38: 141 | N38: 1.12 | O38: 10.08
A39: 11 | B39: Оборудование | C39: Автоматический выключатель 1п 16А A9F79116 (Транспортные расходы - согласно п.4.60 из МДС 81-35.2004 ПЗ=3% (ОЗП=3%; ЭМ=3%; МАТ=3%); Заготовительно-складские расходы - согласно п.4.64 из МДС 81-35.2004 ПЗ=1,2% (ОЗП=1,2%; ЭМ=1,2%; МАТ=1,2%)) | D39: шт. | E39: 1 | F39: 43,48 188,00/1,18/ИндексОБ | J39: 43
A40: 12 | B40: Оборудование | C40: Автоматический выключатель 1п 10А A9F79110 (Транспортные расходы - согласно п.4.60 из МДС 81-35.2004 ПЗ=3% (ОЗП=3%; ЭМ=3%; МАТ=3%); Заготовительно-складские расходы - согласно п.4.64 из МДС 81-35.2004 ПЗ=1,2% (ОЗП=1,2%; ЭМ=1,2%; МАТ=1,2%)) | D40: шт. | E40: 8 | F40: 46,48 201,00/1,18/ИндексОБ | J40: 372
A41: 13.1 | B41: ТЕРм11-03-001-01 Постан.Правит.Свердл.обл. от 10.11.10 №1616-ПП | C41: Монтаж блока питания НР (29 руб.): 80% от ФОТ (36 руб.) СП (22 руб.): 60% от ФОТ (36 руб.) | D41: 1 шт. | E41: 5 | F41: 8.41 | G41: 7.26 | J41: 42 | K41: 36 | N41: 0.52 | O41: 2.6
A42: 14.1 | B42: Оборудование | C42: Блок питания 24В, 15Вт БП15Б-Д2-24 (Транспортные расходы - согласно п.4.60 из МДС 81-35.2004 ПЗ=3% (ОЗП=3%; ЭМ=3%; МАТ=3%); Заготовительно-складские расходы - согласно п.4.64 из МДС 81-35.2004 ПЗ=1,2% (ОЗП=1,2%; ЭМ=1,2%; МАТ=1,2%)) | D42: шт. | E42: 5 | F42: 346,87 1500,00/1,18/ИндексОБ | J42: 1734
A43: 15 | B43: ТЕРм08-01-068-01 Постан.Правит.Свердл.обл. от 10.11.10 №1616-ПП | C43: Монтаж шины НР (8 руб.): 95% от ФОТ (8 руб.) СП (5 руб.): 65% от ФОТ (8 руб.) | D43: 100 м | E43: 0,01 (0,5*2) / 100 | F43: 1036.95 | G43: 711.38 | H43: 188.29 | I43: 81.09 | J43: 10 | K43: 7 | L43: 2 | M43: 1 | N43: 52.5 | O43: 0.53 | P43: 5.91 | Q43: 0.06
A44: 16 | B44: Оборудование | C44: Шина заземления, горизонтальная 7313.000 (Транспортные расходы - согласно п.4.60 из МДС 81-35.2004 ПЗ=3% (ОЗП=3%; ЭМ=3%; МАТ=3%); Заготовительно-складские расходы - согласно п.4.64 из МДС 81-35.2004 ПЗ=1,2% (ОЗП=1,2%; ЭМ=1,2%; МАТ=1,2%)) | D44: шт. | E44: 2 | F44: 279,81 1210,00/1,18/ИндексОБ | J44: 560
A45: 17 | B45: ТЕРм08-01-080-02 Постан.Правит.Свердл.обл. от 10.11.10 №1616-ПП | C45: Монтаж реле НР (797 руб.): 95% от ФОТ (839 руб.) СП (545 руб.): 65% от ФОТ (839 руб.) | D45: 1 шт. | E45: 50 | F45: 44.12 | G45: 15.31 | H45: 23.38 | I45: 1.46 | J45: 2206 | K45: 766 | L45: 1169 | M45: 73 | N45: 1.13 | O45: 56.5 | P45: 0.08 | Q45: 4
A46: 18 | B46: Оборудование Phoenix Contact | C46: Реле 24В, 2п.к. 2961192 (Транспортные расходы - согласно п.4.60 из МДС 81-35.2004 ПЗ=3% (ОЗП=3%; ЭМ=3%; МАТ=3%); Заготовительно-складские расходы - согласно п.4.64 из МДС 81-35.2004 ПЗ=1,2% (ОЗП=1,2%; ЭМ=1,2%; МАТ=1,2%)) | D46: шт. | E46: 50 | F46: 26,74 2,89*40/1,18/ИндексОБ | J46: 1337
A47: 19 | B47: Оборудование Phoenix Contact | C47: Установочный блок для реле PR1-BSC2/2X21 2833518 (Транспортные расходы - согласно п.4.60 из МДС 81-35.2004 ПЗ=3% (ОЗП=3%; ЭМ=3%; МАТ=3%); Заготовительно-складские расходы - согласно п.4.64 из МДС 81-35.2004 ПЗ=1,2% (ОЗП=1,2%; ЭМ=1,2%; МАТ=1,2%)) | D47: шт. | E47: 50 | F47: 34,31 3,71*40/1,18/ИндексОБ | J47: 1716
A48: 20 | B48: ТЕРм08-01-080-02 Постан.Правит.Свердл.обл. от 10.11.10 №1616-ПП | C48: Монтаж реле НР (15 руб.): 95% от ФОТ (16 руб.) СП (10 руб.): 65% от ФОТ (16 руб.) | D48: 1 шт. | E48: 1 | F48: 44.12 | G48: 15.31 | H48: 23.38 | I48: 1.46 | J48: 44 | K48: 15 | L48: 23 | M48: 1 | N48: 1.13 | O48: 1.13 | P48: 0.08 | Q48: 0.08
A49: 21 | B49: Оборудование Phoenix Contact | C49: Реле электромагнитное 4п.к. кат.220V, контакты до 8A на DIN рейку 2834070 (Транспортные расходы - согласно п.4.60 из МДС 81-35.2004 ПЗ=3% (ОЗП=3%; ЭМ=3%; МАТ=3%); Заготовительно-складские расходы - согласно п.4.64 из МДС 81-35.2004 ПЗ=1,2% (ОЗП=1,2%; ЭМ=1,2%; МАТ=1,2%)) | D49: шт. | E49: 1 | F49: 56,61 6,12*40/1,18/ИндексОБ | J49: 57
A50: 22 | B50: Оборудование Phoenix Contact | C50: Колодка для реле на 4 п.к. 2833536 (Транспортные расходы - согласно п.4.60 из МДС 81-35.2004 ПЗ=3% (ОЗП=3%; ЭМ=3%; МАТ=3%); Заготовительно-складские расходы - согласно п.4.64 из МДС 81-35.2004 ПЗ=1,2% (ОЗП=1,2%; ЭМ=1,2%; МАТ=1,2%)) | D50: шт. | E50: 1 | F50: 36,26 3,92*40/1,18/ИндексОБ | J50: 36
A51: 23 | B51: ТЕРм08-03-575-01 Постан.Правит.Свердл.обл. от 10.11.10 №1616-ПП | C51: Монтаж лампы НР (15 руб.): 95% от ФОТ (16 руб.) СП (10 руб.): 65% от ФОТ (16 руб.) | D51: 1 шт. | E51: 1 | F51: 16.3 | G51: 15.65 | J51: 16 | K51: 16 | N51: 1.12 | O51: 1.12
A52: 24 | B52: Оборудование | C52: Лампа освещения шкафа LLPO0-2011-1-13-K01 ЛПО2010 (Транспортные расходы - согласно п.4.60 из МДС 81-35.2004 ПЗ=3% (ОЗП=3%; ЭМ=3%; МАТ=3%); Заготовительно-складские расходы - согласно п.4.64 из МДС 81-35.2004 ПЗ=1,2% (ОЗП=1,2%; ЭМ=1,2%; МАТ=1,2%)) | D52: шт. | E52: 1 | F52: 122,37 529,20/1,18/ИндексОБ | J52: 122
A53: 25 | B53: Оборудование Phoenix Contact | C53: Стопор CLIPFIX 35 CLIPFIX 35 3022218 (Транспортные расходы - согласно п.4.60 из МДС 81-35.2004 ПЗ=3% (ОЗП=3%; ЭМ=3%; МАТ=3%); Заготовительно-складские расходы - согласно п.4.64 из МДС 81-35.2004 ПЗ=1,2% (ОЗП=1,2%; ЭМ=1,2%; МАТ=1,2%)) | D53: шт. | E53: 10 | F53: 3,79 0,41*40/1,18/ИндексОБ | J53: 38
A54: 26 | B54: Оборудование Phoenix Contact | C54: Проходные клеммы UT 2,5 3044076 (Транспортные расходы - согласно п.4.60 из МДС 81-35.2004 ПЗ=3% (ОЗП=3%; ЭМ=3%; МАТ=3%); Заготовительно-складские расходы - согласно п.4.64 из МДС 81-35.2004 ПЗ=1,2% (ОЗП=1,2%; ЭМ=1,2%; МАТ=1,2%)) | D54: шт. | E54: 160 | F54: 4,9 0,53*40/1,18/ИндексОБ | J54: 784
A55: 27 | B55: Оборудование Phoenix Contact | C55: Концевая крышка D-UT 2,5/10 3047028 (Транспортные расходы - согласно п.4.60 из МДС 81-35.2004 ПЗ=3% (ОЗП=3%; ЭМ=3%; МАТ=3%); Заготовительно-складские расходы - согласно п.4.64 из МДС 81-35.2004 ПЗ=1,2% (ОЗП=1,2%; ЭМ=1,2%; МАТ=1,2%)) | D55: шт. | E55: 5 | F55: 3,33 0,36*40/1,18/ИндексОБ | J55: 17
A56: 28 | B56: ТЕРм08-01-080-02 Постан.Правит.Свердл.обл. от 10.11.10 №1616-ПП | C56: Монтаж реле НР (15 руб.): 95% от ФОТ (16 руб.) СП (10 руб.): 65% от ФОТ (16 руб.) | D56: 1 шт. | E56: 1 | F56: 44.12 | G56: 15.31 | H56: 23.38 | I56: 1.46 | J56: 44 | K56: 15 | L56: 23 | M56: 1 | N56: 1.13 | O56: 1.13 | P56: 0.08 | Q56: 0.08
A57: 29 | B57: Оборудование Phoenix Contact | C57: Реле 220В, 2п.к.2961480 (Транспортные расходы - согласно п.4.60 из МДС 81-35.2004 ПЗ=3% (ОЗП=3%; ЭМ=3%; МАТ=3%); Заготовительно-складские расходы - согласно п.4.64 из МДС 81-35.2004 ПЗ=1,2% (ОЗП=1,2%; ЭМ=1,2%; МАТ=1,2%)) | D57: шт. | E57: 20 | F57: 53 5,73*40/1,18/ИндексОБ | J57: 1060
A58: 30 | B58: Оборудование Phoenix Contact | C58: Установочный блок для реле PR1-BSC2/2X21 2833518 (Транспортные расходы - согласно п.4.60 из МДС 81-35.2004 ПЗ=3% (ОЗП=3%; ЭМ=3%; МАТ=3%); Заготовительно-складские расходы - согласно п.4.64 из МДС 81-35.2004 ПЗ=1,2% (ОЗП=1,2%; ЭМ=1,2%; МАТ=1,2%)) | D58: шт. | E58: 20 | F58: 34,31 3,71*40/1,18/ИндексОБ | J58: 686
A59: 31 | B59: ТЕРм08-03-572-07 Постан.Правит.Свердл.обл. от 10.11.10 №1616-ПП | C59: Монтаж щита НР (68 руб.): 95% от ФОТ (72 руб.) СП (47 руб.): 65% от ФОТ (72 руб.) | D59: 1 шт. | E59: 1 | F59: 685.88 | G59: 65.1 | H59: 129.15 | I59: 7.46 | J59: 686 | K59: 65 | L59: 129 | M59: 7 | N59: 4.66 | O59: 4.66 | P59: 0.41 | Q59: 0.41
A60: 32 | B60: Оборудование | C60: Корпус стальной AE 800х1200х300 IP66 1280.500 (Транспортные расходы - согласно п.4.60 из МДС 81-35.2004 ПЗ=3% (ОЗП=3%; ЭМ=3%; МАТ=3%); Заготовительно-складские расходы - согласно п.4.64 из МДС 81-35.2004 ПЗ=1,2% (ОЗП=1,2%; ЭМ=1,2%; МАТ=1,2%)) | D60: шт. | E60: 1 | F60: 2996,65 10982,00/ИндексОБ | J60: 2997
A61: Итого прямые затраты по разделу в ценах 2001г. | J61: 28293 | K61: 1210 | L61: 1377 | M61: 89 | O61: 90 | Q61: 4.99
A62: Накладные расходы | J62: 1211
A63: Сметная прибыль | J63: 836
A64: Итого по разделу 1 Оборудование шкафа БУП | J64: 30340 | O64: 90 | Q64: 4.99
A65: Раздел 2. Оборудование в операторском помещении
A66: 33 | B66: ТЕРм11-04-008-01 Постан.Правит.Свердл.обл. от 10.11.10 №1616-ПП | C66: Монтаж модуля НР (12 руб.): 92% от ФОТ (13 руб.) СП (8 руб.): 65% от ФОТ (13 руб.) | D66: 1 шт. | E66: 1 | F66: 13.88 | G66: 12.54 | H66: 1.09 | J66: 14 | K66: 13 | L66: 1 | N66: 1.03 | O66: 1.03
A67: 34 | B67: Оборудование | C67: POWER MODULE PM1207 STABILIZED POWER SUPPLY INPUT: 120/230 V AC OUTPUT: 24 V DC/2.5 A 6EP1332-1SH71 (Транспортные расходы - согласно п.4.60 из МДС 81-35.2004 ПЗ=3% (ОЗП=3%; ЭМ=3%; МАТ=3%); Заготовительно-складские расходы - согласно п.4.64 из МДС 81-35.2004 ПЗ=1,2% (ОЗП=1,2%; ЭМ=1,2%; МАТ=1,2%)) | D67: шт. | E67: 1 | F67: 691,42 2990,00/1,18/ИндексОБ | J67: 691
A68: 35 | B68: ТЕРм11-04-008-01 Постан.Правит.Свердл.обл. от 10.11.10 №1616-ПП | C68: Монтаж панели НР (12 руб.): 92% от ФОТ (13 руб.) СП (8 руб.): 65% от ФОТ (13 руб.) | D68: 1 шт. | E68: 1 | F68: 13.88 | G68: 12.54 | H68: 1.09 | J68: 14 | K68: 13 | L68: 1 | N68: 1.03 | O68: 1.03
A69: 36 | B69: Оборудование | C69: SIMATIC KTP600 BASIC COLOR PN 5,7", БАЗОВАЯ ПАНЕЛЬ ОПЕРАТОРА С ЦВЕТНЫМ TFT-ДИСПЛЕЕМ (256 ЦВЕТОВ), ИНТЕРФЕЙС ETHERNET 6AV6647-0AD11-3AX0 (Транспортные расходы - согласно п.4.60 из МДС 81-35.2004 ПЗ=3% (ОЗП=3%; ЭМ=3%; МАТ=3%); Заготовительно-складские расходы - согласно п.4.64 из МДС 81-35.2004 ПЗ=1,2% (ОЗП=1,2%; ЭМ=1,2%; МАТ=1,2%)) | D69: шт. | E69: 1 | F69: 6029,95 26076,00/1,18/ИндексОБ | J69: 6030
A70: 37 | B70: ТЕРм08-01-081-01 Постан.Правит.Свердл.обл. от 10.11.10 №1616-ПП | C70: Монтаж светозвуковой колонны НР (15 руб.): 95% от ФОТ (16 руб.) СП (10 руб.): 65% от ФОТ (16 руб.) | D70: 1 шт. | E70: 1 | F70: 29.8 | G70: 15.31 | H70: 11.69 | I70: 0.73 | J70: 30 | K70: 15 | L70: 12 | M70: 1 | N70: 1.13 | O70: 1.13 | P70: 0.04 | Q70: 0.04
A71: 38 | B71: Оборудование, Skatural | C71: Светозвуковая колонна Монтажный элемент 2374.000 (Транспортные расходы - согласно п.4.60 из МДС 81-35.2004 ПЗ=3% (ОЗП=3%; ЭМ=3%; МАТ=3%); Заготовительно-складские расходы - согласно п.4.64 из МДС 81-35.2004 ПЗ=1,2% (ОЗП=1,2%; ЭМ=1,2%; МАТ=1,2%)) | D71: шт. | E71: 1 | F71: 215,52 932,00/1,18/ИндексОБ | J71: 216
A72: 39 | B72: Оборудование, Skatural | C72: Светозвуковая колонна Присоединительный элемент 2368.000 (Транспортные расходы - согласно п.4.60 из МДС 81-35.2004 ПЗ=3% (ОЗП=3%; ЭМ=3%; МАТ=3%); Заготовительно-складские расходы - согласно п.4.64 из МДС 81-35.2004 ПЗ=1,2% (ОЗП=1,2%; ЭМ=1,2%; МАТ=1,2%)) | D72: шт. | E72: 1 | F72: 332,53 1438,00/1,18/ИндексОБ | J72: 333
A73: 40 | B73: Оборудование, Skatural | C73: Светозвуковая колонна Оптический элемент красный 2369.000 (Транспортные расходы - согласно п.4.60 из МДС 81-35.2004 ПЗ=3% (ОЗП=3%; ЭМ=3%; МАТ=3%); Заготовительно-складские расходы - согласно п.4.64 из МДС 81-35.2004 ПЗ=1,2% (ОЗП=1,2%; ЭМ=1,2%; МАТ=1,2%)) | D73: шт. | E73: 1 | F73: 241,42 1044,00/1,18/ИндексОБ | J73: 241
A74: 41 | B74: Оборудование, Skatural | C74: Светозвуковая колонна Лампа накаливания 2374.070 (Транспортные расходы - согласно п.4.60 из МДС 81-35.2004 ПЗ=3% (ОЗП=3%; ЭМ=3%; МАТ=3%); Заготовительно-складские расходы - согласно п.4.64 из МДС 81-35.2004 ПЗ=1,2% (ОЗП=1,2%; ЭМ=1,2%; МАТ=1,2%)) | D74: шт. | E74: 1 | F74: 96,2 416,00/1,18/ИндексОБ | J74: 96
A75: 42 | B75: Оборудование, Skatural | C75: Светозвуковая колонна Акустический элемент 2376.020 (Транспортные расходы - согласно п.4.60 из МДС 81-35.2004 ПЗ=3% (ОЗП=3%; ЭМ=3%; МАТ=3%); Заготовительно-складские расходы - согласно п.4.64 из МДС 81-35.2004 ПЗ=1,2% (ОЗП=1,2%; ЭМ=1,2%; МАТ=1,2%)) | D75: шт. | E75: 1 | F75: 593,37 2566,00/1,18/ИндексОБ | J75: 593
A76: 43 | B76: ТЕРм08-03-575-01 Постан.Правит.Свердл.обл. от 10.11.10 №1616-ПП | C76: Монтаж автоматических выключателей, на ток до 25 А НР (163 руб.): 95% от ФОТ (172 руб.) СП (112 руб.): 65% от ФОТ (172 руб.) | D76: 1 шт. | E76: 11 1+10 | F76: 16.3 | G76: 15.65 | J76: 179 | K76: 172 | N76: 1.12 | O76: 12.32
A77: 44 | B77: Оборудование | C77: Автоматический выключатель 1п 16А A9F79116 (Транспортные расходы - согласно п.4.60 из МДС 81-35.2004 ПЗ=3% (ОЗП=3%; ЭМ=3%; МАТ=3%); Заготовительно-складские расходы - согласно п.4.64 из МДС 81-35.2004 ПЗ=1,2% (ОЗП=1,2%; ЭМ=1,2%; МАТ=1,2%)) | D77: шт. | E77: 1 | F77: 43,48 188,00/1,18/ИндексОБ | J77: 43
A78: 45 | B78: Оборудование | C78: Автоматический выключатель 1п 10А A9F79110 (Транспортные расходы - согласно п.4.60 из МДС 81-35.2004 ПЗ=3% (ОЗП=3%; ЭМ=3%; МАТ=3%); Заготовительно-складские расходы - согласно п.4.64 из МДС 81-35.2004 ПЗ=1,2% (ОЗП=1,2%; ЭМ=1,2%; МАТ=1,2%)) | D78: шт. | E78: 10 | F78: 46,48 201,00/1,18/ИндексОБ | J78: 465
A79: 46 | B79: ТЕРм08-03-572-03 Постан.Правит.Свердл.обл. от 10.11.10 №1616-ПП | C79: Монтаж щита НР (32 руб.): 95% от ФОТ (34 руб.) СП (22 руб.): 65% от ФОТ (34 руб.) | D79: 1 шт. | E79: 1 | F79: 316.86 | G79: 32.41 | H79: 36.13 | I79: 1.82 | J79: 317 | K79: 32 | L79: 36 | M79: 2 | N79: 2.32 | O79: 2.32 | P79: 0.1 | Q79: 0.1
A80: 47 | B80: Оборудование | C80: Корпус стальной AE 600х600х250 IP66 1054.500 (Транспортные расходы - согласно п.4.60 из МДС 81-35.2004 ПЗ=3% (ОЗП=3%; ЭМ=3%; МАТ=3%); Заготовительно-складские расходы - согласно п.4.64 из МДС 81-35.2004 ПЗ=1,2% (ОЗП=1,2%; ЭМ=1,2%; МАТ=1,2%)) | D80: шт. | E80: 1 | F80: 1518,24 5564,00/ИндексОБ | J80: 1518
A81: Итого прямые затраты по разделу в ценах 2001г. | J81: 10780 | K81: 245 | L81: 50 | M81: 3 | O81: 17.83 | Q81: 0.14
A82: Накладные расходы | J82: 235
A83: Сметная прибыль | J83: 161
A84: Итого по разделу 2 Оборудование в операторском помещении | J84: 11176 | O84: 17.83 | Q84: 0.14
A85: Раздел 3. Оборудование КИП
A86: 48 | B86: ТЕРм11-02-022-01 Постан.Правит.Свердл.обл. от 10.11.10 №1616-ПП | C86: Монтаж манометра НР (30 руб.): 80% от ФОТ (38 руб.) СП (23 руб.): 60% от ФОТ (38 руб.) | D86: 1 шт. | E86: 3 | F86: 12.94 | G86: 12.69 | J86: 39 | K86: 38 | N86: 1.03 | O86: 3.09
A87: 49 | B87: Оборудование | C87: Электроконтактный манометр ТМ-510 РКТ 0 5 (0- 0,6МПа) М20х1,5 (Транспортные расходы - согласно п.4.60 из МДС 81-35.2004 ПЗ=3% (ОЗП=3%; ЭМ=3%; МАТ=3%); Заготовительно-складские расходы - согласно п.4.64 из МДС 81-35.2004 ПЗ=1,2% (ОЗП=1,2%; ЭМ=1,2%; МАТ=1,2%)) | D87: шт. | E87: 3 | F87: 231,25 1000,00/1,18/ИндексОБ | J87: 694
A88: 51 | B88: Оборудование | C88: Устройство отборное давления 16-200П-ЗТР (Транспортные расходы - согласно п.4.60 из МДС 81-35.2004 ПЗ=3% (ОЗП=3%; ЭМ=3%; МАТ=3%); Заготовительно-складские расходы - согласно п.4.64 из МДС 81-35.2004 ПЗ=1,2% (ОЗП=1,2%; ЭМ=1,2%; МАТ=1,2%)) | D88: шт. | E88: 3 | F88: 136,43 590,00/1,18/ИндексОБ | J88: 409
A89: 52 | B89: ТЕРм11-02-022-04 Постан.Правит.Свердл.обл. от 10.11.10 №1616-ПП | C89: Монтаж датчика давления НР (122 руб.): 80% от ФОТ (152 руб.) СП (91 руб.): 60% от ФОТ (152 руб.) | D89: 1 шт. | E89: 4 | F89: 60.7 | G89: 38.07 | H89: 12.01 | J89: 243 | K89: 152 | L89: 48 | N89: 3.09 | O89: 12.36
A90: 53 | B90: Оборудование, счет № 209 от 27.12.13г. | C90: Датчик давления c мембранным разделителем РС-28/0…600/PD/S-DIN50 (Транспортные расходы - согласно п.4.60 из МДС 81-35.2004 ПЗ=3% (ОЗП=3%; ЭМ=3%; МАТ=3%); Заготовительно-складские расходы - согласно п.4.64 из МДС 81-35.2004 ПЗ=1,2% (ОЗП=1,2%; ЭМ=1,2%; МАТ=1,2%)) | D90: шт. | E90: 4 | F90: 3556,57 15380,12/1,18/ИндексОБ | J90: 14226
A91: 54.1 | B91: ТЕРм11-03-011-01 Постан.Правит.Свердл.обл. от 10.11.10 №1616-ПП | C91: Монтаж датчика давления НР (206 руб.): 80% от ФОТ (258 руб.) СП (155 руб.): 60% от ФОТ (258 руб.) | D91: 1 компл. | E91: 4 | F91: 114.59 | G91: 61.78 | H91: 42.29 | I91: 2.73 | J91: 458 | K91: 247 | L91: 169 | M91: 11 | N91: 4.49 | O91: 17.96 | P91: 0.15 | Q91: 0.6
A92: 55 | B92: Оборудование | C92: Датчики уровня балансной емкости 1031609 (Транспортные расходы - согласно п.4.60 из МДС 81-35.2004 ПЗ=3% (ОЗП=3%; ЭМ=3%; МАТ=3%); Заготовительно-складские расходы - согласно п.4.64 из МДС 81-35.2004 ПЗ=1,2% (ОЗП=1,2%; ЭМ=1,2%; МАТ=1,2%)) | D92: шт. | E92: 4 | F92: 749,47 3241,00/1,18/ИндексОБ | J92: 2998
A93: 56 | B93: Оборудование | C93: Груз 1030189 (Транспортные расходы - согласно п.4.60 из МДС 81-35.2004 ПЗ=3% (ОЗП=3%; ЭМ=3%; МАТ=3%); Заготовительно-складские расходы - согласно п.4.64 из МДС 81-35.2004 ПЗ=1,2% (ОЗП=1,2%; ЭМ=1,2%; МАТ=1,2%)) | D93: шт. | E93: 4 | F93: 70,77 306,00/1,18/ИндексОБ | J93: 283
A94: Итого прямые затраты по разделу в ценах 2001г. | J94: 19350 | K94: 437 | L94: 217 | M94: 11 | O94: 33.41 | Q94: 0.6
A95: Накладные расходы | J95: 358
A96: Сметная прибыль | J96: 269
A97: Итого по разделу 3 Оборудование КИП | J97: 19977 | O97: 33.41 | Q97: 0.6
A98: Раздел 4. Прокладка кабеля
A99: 82 | B99: ТЕРм08-02-405-01 Постан.Правит.Свердл.обл. от 10.11.10 №1616-ПП | C99: Монтаж кабеля НР (4621 руб.): 95% от ФОТ (4864 руб.) СП (3162 руб.): 65% от ФОТ (4864 руб.) | D99: 100 м | E99: 9,5 (400+450+100) / 100 | F99: 1533.01 | G99: 507.48 | H99: 145.97 | I99: 4.55 | J99: 14564 | K99: 4821 | L99: 1387 | M99: 43 | N99: 38.3 | O99: 363.85 | P99: 0.25 | Q99: 2.38
A100: 83 | B100: Материалы | C100: Кабель МКЭШ 2*0,75 (Указания по применению ТЕР, п.2.7. Заготовительно-складские расходы на материалы по прайс-листам МАТ=2%) | D100: м | E100: 400 | F100: 2,67 17,10/1,18/ИндексСМР | J100: 1068
A101: 84 | B101: ТСЦ-501-0789 Постан.Правит.Свердл.обл. от 10.11.10 №1616-ПП | C101: Кабели контрольные с медными жилами с поливинилхлоридной изоляцией и оболочкой марки КВВГ, с числом жил - 10 и сечением 0,75 мм2 | D101: 1000 м | E101: 0,45 450 / 1000 | F101: 11491 | J101: 5171
A102: 85 | B102: ФССЦ-501-1718 И6-Пр. Минрегион от 05.05.12 №190 | C102: Кабель (витая пара) UTP 19C-U5-03GY-B305 (Приведение расценок ФЕР к территориальному уровню (Письмо УРЦЦС Ц-297 от 12.04.2011) ОЗП=1,41; ЭМ=1,242; ЗПМ=1,41; МАТ=1,052) | D102: м | E102: 100 | F102: 3.29 | J102: 329
A103: Итого прямые затраты по разделу в ценах 2001г. | J103: 21132 | K103: 4821 | L103: 1387 | M103: 43 | O103: 363.85 | Q103: 2.38
A104: Накладные расходы | J104: 4621
A105: Сметная прибыль | J105: 3162
A106: Итого по разделу 4 Прокладка кабеля | J106: 28915 | O106: 363.85 | Q106: 2.38
A107: ИТОГИ ПО СМЕТЕ:
...

Sheet 12-027-ЭМ.СМ
A1: СОГЛАСОВАНО: | M1: УТВЕРЖДАЮ:
A4: _________________ | M4: _________________
A5: " _____ " ________________ 2013 г. | M5: "____" ______________2013 г.
H6: ФГУП "Комбинат Электрохимприбор", г.Лесной Свердловской области
H7: (наименование стройки)
H9: ЛОКАЛЬНЫЙ СМЕТНЫЙ РАСЧЕТ № 12-027-ЭМ.СМ
H10: (локальная смета)
D12: Электрооборудование к проекту: Модернизация системы технологической водоподготовки бассейна профилактория комбината
H13: (наименование работ и затрат, наименование объекта)
D15: Основание: 12-027-ЭМ
D16: Сметная стоимость _______________________________________________________________________________________________ | J16: ___________________________63,658 | L16: тыс. руб.
D17: монтажных работ _______________________________________________________________________________________________ | J17: _______________________________________________________________________________________________40,428 | L17: тыс. руб.
D18: оборудования _______________________________________________________________________________________________ | J18: _______________________________________________________________________________________________23,230 | L18: тыс. руб.
D19: Средства на оплату труда _______________________________________________________________________________________________ | J19: ___________________________3,290 | L19: тыс. руб.
D20: Сметная трудоемкость _______________________________________________________________________________________________ | J20: _______________________________________________________________________________________________219,26 | L20: чел.час
D21: Составлен(а) в текущих (прогнозных) ценах по состоянию на 2001г.
A24: № пп | B24: Обосно- вание | C24: Наименование | D24: Ед. изм. | E24: Кол. | F24: Стоимость единицы, руб. | J24: Общая стоимость, руб. | N24: Т/з осн. раб.на ед. | O24: Т/з осн. раб. Всего | P24: Т/з мех. на ед. | Q24: Т/з мех. Всего
F25: Всего | G25: В том числе | J25: Всего | K25: В том числе
G26: Осн.З/п | H26: Эк.Маш | I26: З/пМех | K26: Осн.З/п | L26: Эк.Маш | M26: З/пМех
A27: 1 | B27: 2 | C27: 3 | D27: 4 | E27: 5 | F27: 6 | G27: 7 | H27: 8 | I27: 9 | J27: 10 | K27: 11 | L27: 12 | M27: 13 | N27: 14 | O27: 15 | P27: 16 | Q27: 17
A28: Раздел 1. Оборудование
A29: 1 | B29: ТЕРм08-03-572-06 Постан.Правит.Свердл.обл. от 10.11.10 №1616-ПП | C29: Монтаж ВРУ НР (51 руб.): 95% от ФОТ (54 руб.) СП (35 руб.): 65% от ФОТ (54 руб.) | D29: 1 шт. | E29: 1 | F29: 552.93 | G29: 48.76 | H29: 94.76 | I29: 5.46 | J29: 553 | K29: 49 | L29: 95 | M29: 5 | N29: 3.49 | O29: 3.49 | P29: 0.3 | Q29: 0.3
A30: 2 | B30: Оборудование, АВВ | C30: Вводно-распределительное устройство 2СРХ0 30121 R9999 (Транспортные расходы - согласно п.4.60 из МДС 81-35.2004 ПЗ=3% (ОЗП=3%; ЭМ=3%; МАТ=3%); Заготовительно-складские расходы - согласно п.4.64 из МДС 81-35.2004 ПЗ=1,2% (ОЗП=1,2%; ЭМ=1,2%; МАТ=1,2%)) | D30: шт. | E30: 1 | F30: 1019,3 4407.89/1,18/ИндексОБ | J30: 1019
A31: 3 | B31: ТЕРм08-03-575-01 Постан.Правит.Свердл.обл. от 10.11.10 №1616-ПП | C31: Монтаж автоматических выключателей НР (253 руб.): 95% от ФОТ (266 руб.) СП (173 руб.): 65% от ФОТ (266 руб.) | D31: 1 шт. | E31: 17 1+2+1+3+1+1+8 | F31: 16.3 | G31: 15.65 | J31: 277 | K31: 266 | N31: 1.12 | O31: 19.04
A32: 4 | B32: Оборудование, АВВ | C32: Автоматический выключатель S803 С-K 125 2СРХ0 2CCS883001R0647 (Транспортные расходы - согласно п.4.60 из МДС 81-35.2004 ПЗ=3% (ОЗП=3%; ЭМ=3%; МАТ=3%); Заготовительно-складские расходы - согласно п.4.64 из МДС 81-35.2004 ПЗ=1,2% (ОЗП=1,2%; ЭМ=1,2%; МАТ=1,2%)) | D32: шт. | E32: 1 | F32: 1429,78 6183.00/1,18/ИндексОБ | J32: 1430
A33: 5 | B33: Оборудование, АВВ | C33: Автоматический выключатель S200 1Р х-ка К, с расцепителями на ток 16 А S201 M-K 16 2CDS271001R0467 (Транспортные расходы - согласно п.4.60 из МДС 81-35.2004 ПЗ=3% (ОЗП=3%; ЭМ=3%; МАТ=3%); Заготовительно-складские расходы - согласно п.4.64 из МДС 81-35.2004 ПЗ=1,2% (ОЗП=1,2%; ЭМ=1,2%; МАТ=1,2%)) | D33: шт. | E33: 2 | F33: 306,86 1327.00/1,18/ИндексОБ | J33: 614
A34: 6 | B34: Оборудование, АВВ | C34: Автоматический выключатель S200 1Р х-ка К, с расцепителями на ток 20 А S201 M-K 20 2CDS271001R0487 (Транспортные расходы - согласно п.4.60 из МДС 81-35.2004 ПЗ=3% (ОЗП=3%; ЭМ=3%; МАТ=3%); Заготовительно-складские расходы - согласно п.4.64 из МДС 81-35.2004 ПЗ=1,2% (ОЗП=1,2%; ЭМ=1,2%; МАТ=1,2%)) | D34: шт. | E34: 1 | F34: 192,86 834.00/1,18/ИндексОБ | J34: 193
A35: 7 | B35: Оборудование, АВВ | C35: Автоматический выключатель S200 3Р х-ка К, с расцепителями на ток 16 А S203 M-K 16 2CDS273001R0467 (Транспортные расходы - согласно п.4.60 из МДС 81-35.2004 ПЗ=3% (ОЗП=3%; ЭМ=3%; МАТ=3%); Заготовительно-складские расходы - согласно п.4.64 из МДС 81-35.2004 ПЗ=1,2% (ОЗП=1,2%; ЭМ=1,2%; МАТ=1,2%)) | D35: шт. | E35: 3 | F35: 529,78 2291.00/1,18/ИндексОБ | J35: 1589
A36: 8 | B36: Оборудование, АВВ | C36: Автоматический выключатель S200 3Р х-ка К, с расцепителями на ток 20 А S203 M-K 20 2CDS273001R0487 (Транспортные расходы - согласно п.4.60 из МДС 81-35.2004 ПЗ=3% (ОЗП=3%; ЭМ=3%; МАТ=3%); Заготовительно-складские расходы - согласно п.4.64 из МДС 81-35.2004 ПЗ=1,2% (ОЗП=1,2%; ЭМ=1,2%; МАТ=1,2%)) | D36: шт. | E36: 1 | F36: 641,48 2774.00/1,18/ИндексОБ | J36: 641
A37: 9 | B37: Оборудование, АВВ | C37: Автоматический выключатель S200 3Р х-ка К, с расцепителями на ток 80 А S803 С-K 80 2CCS863001R0627 (Транспортные расходы - согласно п.4.60 из МДС 81-35.2004 ПЗ=3% (ОЗП=3%; ЭМ=3%; МАТ=3%); Заготовительно-складские расходы - согласно п.4.64 из МДС 81-35.2004 ПЗ=1,2% (ОЗП=1,2%; ЭМ=1,2%; МАТ=1,2%)) | D37: шт. | E37: 1 | F37: 3965,62 17149.00/1,18/ИндексОБ | J37: 3966
A38: 10 | B38: Оборудование, АВВ | C38: Автоматический выключатель дифференциального тока АВДТ 1+N, с расцепителем на ток 16 А DS201LC16APR30-С16 2CSR245440R1164 (Транспортные расходы - согласно п.4.60 из МДС 81-35.2004 ПЗ=3% (ОЗП=3%; ЭМ=3%; МАТ=3%); Заготовительно-складские расходы - согласно п.4.64 из МДС 81-35.2004 ПЗ=1,2% (ОЗП=1,2%; ЭМ=1,2%; МАТ=1,2%)) | D38: шт. | E38: 8 | F38: 742,56 3211.11/1,18/ИндексОБ | J38: 5940
A39: 11 | B39: ТЕРм08-03-573-04 Постан.Правит.Свердл.обл. от 10.11.10 №1616-ПП | C39: Монтаж ящиков управления НР (107 руб.): 95% от ФОТ (113 руб.) СП (73 руб.): 65% от ФОТ (113 руб.) | D39: 1 шт. | E39: 3 2+1 | F39: 99.26 | G39: 33.11 | H39: 62.05 | I39: 4.71 | J39: 298 | K39: 99 | L39: 186 | M39: 14 | N39: 2.37 | O39: 7.11 | P39: 0.29 | Q39: 0.87
A40: 12 | B40: Оборудование | C40: Ящик управления 380В; Iн=0,75А; IP54 Я5411-22 74УХЛ4 (Транспортные расходы - согласно п.4.60 из МДС 81-35.2004 ПЗ=3% (ОЗП=3%; ЭМ=3%; МАТ=3%); Заготовительно-складские расходы - согласно п.4.64 из МДС 81-35.2004 ПЗ=1,2% (ОЗП=1,2%; ЭМ=1,2%; МАТ=1,2%)) | D40: шт. | E40: 2 | F40: 2980,06 12887,00/1,18/ИндексОБ | J40: 5960
A41: 13 | B41: Оборудование | C41: Ящик управления 380В; Iн=0,6А; IP54 Я5111-18 74УХЛ4 (Транспортные расходы - согласно п.4.60 из МДС 81-35.2004 ПЗ=3% (ОЗП=3%; ЭМ=3%; МАТ=3%); Заготовительно-складские расходы - согласно п.4.64 из МДС 81-35.2004 ПЗ=1,2% (ОЗП=1,2%; ЭМ=1,2%; МАТ=1,2%)) | D41: шт. | E41: 1 | F41: 1877,71 8120,00/1,18/ИндексОБ | J41: 1878
A42: 14.1 | B42: ТЕРм08-03-575-01 Постан.Правит.Свердл.обл. от 10.11.10 №1616-ПП | C42: Монтаж приставки контактной НР (29 руб.): 95% от ФОТ (31 руб.) СП (20 руб.): 65% от ФОТ (31 руб.) | D42: 1 шт. | E42: 2 | F42: 16.3 | G42: 15.65 | J42: 33 | K42: 31 | N42: 1.12 | O42: 2.24
A43: 15.1 | B43: ФССЦ-509-4900 И7-Пр. Минрегиона от 29.06.12 №260 | C43: Приставки контактные ПКЛ-11-04А (Приведение расценок ФЕР к территориальному уровню (Письмо УРЦЦС Ц-297 от 12.04.2011) ОЗП=1,41; ЭМ=1,242; ЗПМ=1,41; МАТ=1,052) | D43: шт. | E43: 2 | F43: 15.86 | J43: 32
A44: Итого прямые затраты по разделу в ценах 2001г. | J44: 24423 | K44: 445 | L44: 281 | M44: 19 | O44: 31.88 | Q44: 1.17
A45: Накладные расходы | J45: 441
A46: Сметная прибыль | J46: 302
A47: Итого по разделу 1 Оборудование | J47: 25166 | O47: 31.88 | Q47: 1.17
A48: Раздел 2. Монтажные работы и материалы
A49: 16 | B49: ТЕРм08-03-591-10 Постан.Правит.Свердл.обл. от 10.11.10 №1616-ПП | C49: Монтаж. Розетка штепсельная полугерметическая и герметическая НР (101 руб.): 95% от ФОТ (106 руб.) СП (69 руб.): 65% от ФОТ (106 руб.) | D49: 100 шт. | E49: 0,1 (6+4) / 100 | F49: 1651.95 | G49: 1063.12 | H49: 76.69 | I49: 2.18 | J49: 165 | K49: 106 | L49: 8 | N49: 76.1 | O49: 7.61 | P49: 0.12 | Q49: 0.01
A50: 17 | B50: Материалы, IEK | C50: Розетка двухместная с крышкой для открытой установки с заземляющим контактом 16А/250В, IP54 РСб22-3-ФСр ЕRS22-K03-16-54-Dc (Указания по применению ТЕР, п.2.7. Заготовительно-складские расходы на материалы по прайс-листам МАТ=2%) | D50: шт. | E50: 6 | F50: 20,01 128,00/1,18/ИндексСМР | J50: 120
A51: 18 | B51: Материалы, IEK | C51: Розетка одноместная с крышкой для открытой установки с заземляющим контактом 16А/250В, IP54 РСб20-3-ФСр ЕRS12-K03-16-54-Dc (Указания по применению ТЕР, п.2.7. Заготовительно-складские расходы на материалы по прайс-листам МАТ=2%) | D51: шт. | E51: 4 | F51: 12,76 81,60/1,18/ИндексСМР | J51: 51
A52: 19 | B52: ТЕРм08-03-591-09 Постан.Правит.Свердл.обл. от 10.11.10 №1616-ПП | C52: Монтаж. Розетка штепсельная утопленного типа при скрытой проводке НР (26 руб.): 95% от ФОТ (27 руб.) СП (18 руб.): 65% от ФОТ (27 руб.) | D52: 100 шт. | E52: 0,05 5 / 100 | F52: 696.25 | G52: 532.26 | H52: 11.69 | I52: 0.73 | J52: 35 | K52: 27 | L52: 1 | N52: 38.1 | O52: 1.91 | P52: 0.04
A53: 20 | B53: Материалы, DKC | C53: Электроустановочные изделия серии " Viva": розетка силовая 16А/250В 45005 (Указания по применению ТЕР, п.2.7. Заготовительно-складские расходы на материалы по прайс-листам МАТ=2%) | D53: шт. | E53: 5 | F53: 23,64 151,26/1,18/ИндексСМР | J53: 118
A54: 21 | B54: ТЕРм08-02-422-01 Постан.Правит.Свердл.обл. от 10.11.10 №1616-ПП | C54: Затягивание проводов в электротехнический плинтус. Провод один сечением до 2х2,5 мм2 НР (115 руб.): 95% от ФОТ (121 руб.) СП (79 руб.): 65% от ФОТ (121 руб.) | D54: 100 м одного провода | E54: 0,36 36 / 100 | F54: 934.32 | G54: 335.28 | H54: 2.92 | I54: 0.18 | J54: 336 | K54: 121 | L54: 1 | N54: 24 | O54: 8.64 | P54: 0.01
A55: 23 | B55: ТЕРм08-02-147-01 Постан.Правит.Свердл.обл. от 10.11.10 №1616-ПП | C55: Кабель до 35 кВ по установленным конструкциям и лоткам с креплением на поворотах и в конце трассы, масса 1 м кабеля до 1 кг НР (615 руб.): 95% от ФОТ (647 руб.) СП (421 руб.): 65% от ФОТ (647 руб.) | D55: 100 м кабеля | E55: 3,12 (77+165+11+35+27+40+10+5-22-36) / 100 | F55: 806.06 | G55: 157.18 | H55: 456.3 | I55: 50.35 | J55: 2515 | K55: 490 | L55: 1424 | M55: 157 | N55: 11.6 | O55: 36.19 | P55: 2.96 | Q55: 9.24
A56: 24 | B56: ТЕРм08-02-147-02 Постан.Правит.Свердл.обл. от 10.11.10 №1616-ПП | C56: Кабель до 35 кВ по установленным конструкциям и лоткам с креплением на поворотах и в конце трассы, масса 1 м кабеля до 2 кг НР (53 руб.): 95% от ФОТ (56 руб.) СП (36 руб.): 65% от ФОТ (56 руб.) | D56: 100 м кабеля | E56: 0,2 20 / 100 | F56: 1041.12 | G56: 208.67 | H56: 639.74 | I56: 68.54 | J56: 208 | K56: 42 | L56: 128 | M56: 14 | N56: 15.4 | O56: 3.08 | P56: 4.02 | Q56: 0.8
A57: 25 | B57: ТЕРм08-02-147-04 Постан.Правит.Свердл.обл. от 10.11.10 №1616-ПП | C57: Кабель до 35 кВ по установленным конструкциям и лоткам с креплением на поворотах и в конце трассы, масса 1 м кабеля до 6 кг НР (220 руб.): 95% от ФОТ (232 руб.) СП (151 руб.): 65% от ФОТ (232 руб.) | D57: 100 м кабеля | E57: 0,5 50 / 100 | F57: 1733.45 | G57: 342.82 | H57: 1195.23 | I57: 121.01 | J57: 867 | K57: 171 | L57: 598 | M57: 61 | N57: 25.3 | O57: 12.65 | P57: 7.06 | Q57: 3.53
A58: 26 | B58: ФССЦ-501-8482 И4-Пр. Минрегион от 11.11.11 №535 | C58: Кабель ВВГнг-LS, с числом жил - 3 и сечением 1,5 мм2 (Приведение расценок ФЕР к территориальному уровню (Письмо УРЦЦС Ц-297 от 12.04.2011) ОЗП=1,41; ЭМ=1,242; ЗПМ=1,41; МАТ=1,052) | D58: 1000 м | E58: 0,035 35 / 1000 | F58: 5083.39 | J58: 178
A59: 27 | B59: ФССЦ-501-8491 И4-Пр. Минрегион от 11.11.11 №535 | C59: Кабель ВВГнг-LS, с числом жил - 4 и сечением 1,5 мм2 (Приведение расценок ФЕР к территориальному уровню (Письмо УРЦЦС Ц-297 от 12.04.2011) ОЗП=1,41; ЭМ=1,242; ЗПМ=1,41; МАТ=1,052) | D59: 1000 м | E59: 0,011 11 / 1000 | F59: 6898.52 | J59: 76
A60: 28 | B60: ФССЦ-501-8483 И7-Пр. Минрегиона от 29.06.12 №260 | C60: Кабель ВВГнг-LS, с числом жил - 3 и сечением 2,5 мм2 (Приведение расценок ФЕР к территориальному уровню (Письмо УРЦЦС Ц-297 от 12.04.2011) ОЗП=1,41; ЭМ=1,242; ЗПМ=1,41; МАТ=1,052) | D60: 1000 м | E60: 0,165 165 / 1000 | F60: 7280.27 | J60: 1201
A61: 29 | B61: ФССЦ-501-8507 И4-Пр. Минрегион от 11.11.11 №535 | C61: Кабель ВВГнг-LS, с числом жил - 5 и сечением 2,5 мм2 (Приведение расценок ФЕР к территориальному уровню (Письмо УРЦЦС Ц-297 от 12.04.2011) ОЗП=1,41; ЭМ=1,242; ЗПМ=1,41; МАТ=1,052) | D61: 1000 м | E61: 0,077 77 / 1000 | F61: 12452.31 | J61: 959
A62: 30 | B62: ФССЦ-501-8512 И4-Пр. Минрегион от 11.11.11 №535 | C62: Кабель ВВГнг-LS, с числом жил - 5 и сечением 25 мм2 (Приведение расценок ФЕР к территориальному уровню (Письмо УРЦЦС Ц-297 от 12.04.2011) ОЗП=1,41; ЭМ=1,242; ЗПМ=1,41; МАТ=1,052) | D62: 1000 м | E62: 0,02 20 / 1000 | F62: 115378.54 | J62: 2308
A63: 31 | B63: ФССЦ-501-8515 И4-Пр. Минрегион от 11.11.11 №535 | C63: Кабель ВВГнг-LS, с числом жил - 5 и сечением 70 мм2 (Приведение расценок ФЕР к территориальному уровню (Письмо УРЦЦС Ц-297 от 12.04.2011) ОЗП=1,41; ЭМ=1,242; ЗПМ=1,41; МАТ=1,052) | D63: 1000 м | E63: 0,05 50 / 1000 | F63: 285292.61 | J63: 14265
A64: 32 | B64: ТСЦ-501-0832 Постан.Правит.Свердл.обл. от 10.11.10 №1616-ПП | C64: Кабели КВВГЭ, с числом жил - 4 и сечением 1,5 мм2 | D64: 1000 м | E64: 0,027 27 / 1000 | F64: 15147 | J64: 409
A65: 33 | B65: ФССЦ-501-1650 И4-Пр. Минрегион от 11.11.11 №535 | C65: Кабели контрольные КВВГнг, с числом жил - 7 и сечением 1,5 мм2 (Приведение расценок ФЕР к территориальному уровню (Письмо УРЦЦС Ц-297 от 12.04.2011) ОЗП=1,41; ЭМ=1,242; ЗПМ=1,41; МАТ=1,052) | D65: 1000 м | E65: 0,04 40 / 1000 | F65: 13469.04 | J65: 539
A66: 34 | B66: ФССЦ-501-1643 И4-Пр. Минрегион от 11.11.11 №535 | C66: Кабели контрольные КВВГнг, с числом жил - 10 и сечением 1,0 мм2 (Приведение расценок ФЕР к территориальному уровню (Письмо УРЦЦС Ц-297 от 12.04.2011) ОЗП=1,41; ЭМ=1,242; ЗПМ=1,41; МАТ=1,052) | D66: 1000 м | E66: 0,01 10 / 1000 | F66: 14289.14 | J66: 143
A67: 35 | B67: ФССЦ-501-1644 И4-Пр. Минрегион от 11.11.11 №535 | C67: Кабели контрольные КВВГнг, с числом жил - 14 и сечением 1,0 мм2 (Приведение расценок ФЕР к территориальному уровню (Письмо УРЦЦС Ц-297 от 12.04.2011) ОЗП=1,41; ЭМ=1,242; ЗПМ=1,41; МАТ=1,052) | D67: 1000 м | E67: 0,005 5 / 1000 | F67: 19139.04 | J67: 96
A68: 36 | B68: ТЕРм08-02-158-14 Постан.Правит.Свердл.обл. от 10.11.10 №1616-ПП | C68: Разделка 3-4-жильного кабеля с пластмассовой и резиновой изоляцией напряжением до 1 кВ, сечение одной жилы до 35 мм2 НР (689 руб.): 95% от ФОТ (725 руб.) СП (471 руб.): 65% от ФОТ (725 руб.) | D68: 1 шт. | E68: 46 1*2+5*2+11*2+4*2+2*2 | F68: 26.56 | G68: 15.58 | H68: 2.92 | I68: 0.18 | J68: 1222 | K68: 717 | L68: 134 | M68: 8 | N68: 1.15 | O68: 52.9 | P68: 0.01 | Q68: 0.46
A69: 37 | B69: ТЕРм08-02-158-15 Постан.Правит.Свердл.обл. от 10.11.10 №1616-ПП | C69: Разделка 3-4-жильного кабеля с пластмассовой и резиновой изоляцией напряжением до 1 кВ, сечение одной жилы до 120 мм2 НР (35 руб.): 95% от ФОТ (37 руб.) СП (24 руб.): 65% от ФОТ (37 руб.) | D69: 1 шт. | E69: 2 1*2 | F69: 29.6 | G69: 18.56 | H69: 2.92 | I69: 0.18 | J69: 59 | K69: 37 | L69: 6 | N69: 1.37 | O69: 2.74 | P69: 0.01 | Q69: 0.02
A70: 38 | B70: ТЕРм08-02-158-04 Постан.Правит.Свердл.обл. от 10.11.10 №1616-ПП | C70: Разделка контрольного кабеля сечением одной жилы до 2,5 мм2, количество жил до 4 НР (35 руб.): 95% от ФОТ (37 руб.) СП (24 руб.): 65% от ФОТ (37 руб.) | D70: 1 шт. | E70: 10 1*2+1*2+1*2+2*2 | F70: 38.4 | G70: 3.52 | H70: 2.92 | I70: 0.18 | J70: 384 | K70: 35 | L70: 29 | M70: 2 | N70: 0.26 | O70: 2.6 | P70: 0.01 | Q70: 0.1
A71: 39 | B71: ТЕРм08-02-144-01 Постан.Правит.Свердл.обл. от 10.11.10 №1616-ПП | C71: Присоединение к зажимам жил проводов или кабелей сечением до 2,5 мм2 НР (368 руб.): 95% от ФОТ (387 руб.) СП (252 руб.): 65% от ФОТ (387 руб.) | D71: 100 шт. | E71: 2,38 (5*2*3+11*2*3+4*2*4+2*2*3+1*2*4+1*2*7+1*2*10+2*2*14) / 100 | F71: 165.85 | G71: 162.6 | J71: 395 | K71: 387 | N71: 12 | O71: 28.56
A72: 40 | B72: ТЕРм08-02-144-04 Постан.Правит.Свердл.обл. от 10.11.10 №1616-ПП | C72: Присоединение к зажимам жил проводов или кабелей сечением до 35 мм2 НР (22 руб.): 95% от ФОТ (23 руб.) СП (15 руб.): 65% от ФОТ (23 руб.) | D72: 100 шт. | E72: 0,1 (1*2*5) / 100 | F72: 236.34 | G72: 231.71 | J72: 24 | K72: 23 | N72: 17.1 | O72: 1.71
A73: 41 | B73: ТЕРм08-02-144-05 Постан.Правит.Свердл.обл. от 10.11.10 №1616-ПП | C73: Присоединение к зажимам жил проводов или кабелей сечением до 70 мм2 НР (25 руб.): 95% от ФОТ (26 руб.) СП (17 руб.): 65% от ФОТ (26 руб.) | D73: 100 шт. | E73: 0,1 (1*2*5) / 100 | F73: 261.22 | G73: 256.1 | J73: 26 | K73: 26 | N73: 18.9 | O73: 1.89
A74: 42 | B74: ТЕРм08-02-405-01 Постан.Правит.Свердл.обл. от 10.11.10 №1616-ПП | C74: Провод по установленным стальным конструкциям и панелям, сечение до 16 мм2 НР (73 руб.): 95% от ФОТ (77 руб.) СП (50 руб.): 65% от ФОТ (77 руб.) | D74: 100 м | E74: 0,15 15 / 100 | F74: 1533.01 | G74: 507.48 | H74: 145.97 | I74: 4.55 | J74: 230 | K74: 76 | L74: 22 | M74: 1 | N74: 38.3 | O74: 5.75 | P74: 0.25 | Q74: 0.04
A75: 43 | B75: ТСЦ-502-0512 Постан.Правит.Свердл.обл. от 10.11.10 №1616-ПП | C75: Провода силовые для электрических установок на напряжение до 450 В с медной жилой марки ПВ3, сечением 1 мм2 | D75: 1000 м | E75: 0,015 15 / 1000 | F75: 1051 | J75: 16
A76: 44.1 | B76: ФЕРм08-02-390-03 И2-Пр. Минрегион от 21.12.10 №747 | C76: Монтаж. Короба пластмассовые: шириной до 120 мм (Приведение расценок ФЕР к территориальному уровню (Письмо УРЦЦС Ц-297 от 12.04.2011) ОЗП=1,41; ЭМ=1,242; ЗПМ=1,41; МАТ=1,052) НР (18 руб.): 95% от ФОТ (19 руб.) СП (12 руб.): 65% от ФОТ (19 руб.) | D76: 100 м | E76: 0,07 7 / 100 | F76: 419.25 | G76: 272.61 | H76: 48.52 | I76: 0.17 | J76: 29 | K76: 19 | L76: 3 | N76: 20.33 | O76: 1.42 | P76: 0.01
A77: 45 | B77: Материалы, DKC | C77: Короб 80х40 2 м серии ТА-GN 01781 (Указания по применению ТЕР, п.2.7. Заготовительно-складские расходы на материалы по прайс-листам МАТ=2%) | D77: шт. | E77: 7 | F77: 60,09 192,22*2/1,18/ИндексСМР | J77: 421
A78: 46 | B78: Материалы, DKC | C78: Угол внутренний изменяемый NIAV_x000D_ 01724 (Указания по применению ТЕР, п.2.7. Заготовительно-складские расходы на материалы по прайс-листам МАТ=2%) | D78: шт. | E78: 2 | F78: 33,26 212,78/1,18/ИндексСМР | J78: 67
A79: 47 | B79: Материалы, DKC | C79: Заглушка 00874 (Указания по применению ТЕР, п.2.7. Заготовительно-складские расходы на материалы по прайс-листам МАТ=2%) | D79: шт. | E79: 1 | F79: 14,21 90,90/1,18/ИндексСМР | J79: 14
A80: 48.1 | B80: ФЕРм08-02-390-01 И2-Пр. Минрегион от 21.12.10 №747 | C80: Монтаж. Короба пластмассовые: шириной до 40 мм (Приведение расценок ФЕР к территориальному уровню (Письмо УРЦЦС Ц-297 от 12.04.2011) ОЗП=1,41; ЭМ=1,242; ЗПМ=1,41; МАТ=1,052) НР (19 руб.): 95% от ФОТ (20 руб.) СП (13 руб.): 65% от ФОТ (20 руб.) | D80: 100 м | E80: 0,09 9 / 100 | F80: 311.4 | G80: 218.44 | H80: 38.75 | I80: 0.17 | J80: 28 | K80: 20 | L80: 3 | N80: 16.29 | O80: 1.47 | P80: 0.01
A81: 49 | B81: Материалы, DKC | C81: Миниканалы 22х10 серии ТМС 00317 (Указания по применению ТЕР, п.2.7. Заготовительно-складские расходы на материалы по прайс-листам МАТ=2%) | D81: шт. | E81: 9 | F81: 6,69 21,39*2/1,18/ИндексСМР | J81: 60
A82: 50 | B82: Материалы, DKC | C82: Внутренний угол AIM 00386 (Указания по применению ТЕР, п.2.7. Заготовительно-складские расходы на материалы по прайс-листам МАТ=2%) | D82: шт. | E82: 4 | F82: 2,41 15,40/1,18/ИндексСМР | J82: 10
A83: 51 | B83: Материалы, DKC | C83: Внешний угол AEM 00396 (Указания по применению ТЕР, п.2.7. Заготовительно-складские расходы на материалы по прайс-листам МАТ=2%) | D83: шт. | E83: 4 | F83: 2,41 15,40/1,18/ИндексСМР | J83: 10
A84: 52 | B84: Материалы, DKC | C84: Набор адапторов 10133 (Указания по применению ТЕР, п.2.7. Заготовительно-складские расходы на материалы по прайс-листам МАТ=2%) | D84: шт. | E84: 3 | F84: 3,52 22,53/1,18/ИндексСМР | J84: 11
A85: 53.1 | B85: ФЕРм08-02-390-03 И2-Пр. Минрегион от 21.12.10 №747 | C85: Монтаж. Короба пластмассовые: шириной до 120 мм 308,28 = 325,68 - 0,0014 x 12 430,00 (Приведение расценок ФЕР к территориальному уровню (Письмо УРЦЦС Ц-297 от 12.04.2011) ОЗП=1,41; ЭМ=1,242; ЗПМ=1,41; МАТ=1,052) НР (5 руб.): 95% от ФОТ (5 руб.) СП (3 руб.): 65% от ФОТ (5 руб.) | D85: 100 м | E85: 0,02 2 / 100 | F85: 400.95 | G85: 272.61 | H85: 48.52 | I85: 0.17 | J85: 8 | K85: 5 | L85: 1 | N85: 20.33 | O85: 0.41 | P85: 0.01
A86: 54 | B86: Материалы, DKC | C86: Кабельный короб 90х50 серии In-Liner FRONT 09500 (Указания по применению ТЕР, п.2.7. Заготовительно-складские расходы на материалы по прайс-листам МАТ=2%) | D86: шт. | E86: 2 | F86: 98,91 316,38*2/1,18/ИндексСМР | J86: 198
A87: 55 | B87: Материалы, DKC | C87: Ввод в стену / потолок 09507 (Указания по применению ТЕР, п.2.7. Заготовительно-складские расходы на материалы по прайс-листам МАТ=2%) | D87: шт. | E87: 1 | F87: 9,32 59,62/1,18/ИндексСМР | J87: 9
A88: 56 | B88: Материалы, DKC | C88: Заглушка короба торцевая 09505 (Указания по применению ТЕР, п.2.7. Заготовительно-складские расходы на материалы по прайс-листам МАТ=2%) | D88: шт. | E88: 1 | F88: 6,56 41,96/1,18/ИндексСМР | J88: 7
A89: 57 | B89: Материалы, DKC | C89: Каркас под 2 модуля серии "Viva" F0000А (Указания по применению ТЕР, п.2.7. Заготовительно-складские расходы на материалы по прайс-листам МАТ=2%) | D89: шт. | E89: 3 | F89: 4,05 25,93/1,18/ИндексСМР | J89: 12
A90: 58 | B90: Материалы, DKC | C90: Универсальная рамка на 6 модулей F00015 (Указания по применению ТЕР, п.2.7. Заготовительно-складские расходы на материалы по прайс-листам МАТ=2%) | D90: шт. | E90: 1 | F90: 7,48 47,81/1,18/ИндексСМР | J90: 7
A91: 59 | B91: ТЕРм08-02-395-02 Постан.Правит.Свердл.обл. от 10.11.10 №1616-ПП | C91: Монтаж. Лоток металлический штампованный по установленным конструкциям, ширина лотка до 400 мм (300 мм) 1 919,34 = 1 949,24 - 1,78 x 16,80 НР (59 руб.): 95% от ФОТ (62 руб.) СП (40 руб.): 65% от ФОТ (62 руб.) | D91: 1 т | E91: 0,059 (6,93*4+4,74*4+0,87*8+1,8+1,4+0,9+0,54+0,042*24)/1000 | F91: 1919.34 | G91: 769.83 | H91: 1103.09 | I91: 281.5 | J91: 113 | K91: 45 | L91: 65 | M91: 17 | N91: 58.1 | O91: 3.43 | P91: 17.76 | Q91: 1.05
A92: 60 | B92: Материалы, DKC | C92: Металлический кабельный лоток перфарированный, осн. 300 h=50мм, l=3000мм 35265 (вес=2,31*3=6,93 кг) (Указания по применению ТЕР, п.2.7. Заготовительно-складские расходы на материалы по прайс-листам МАТ=2%) | D92: шт. | E92: 4 | F92: 101,82 217,12*3/1,18/ИндексСМР | J92: 407
A93: 61 | B93: Материалы, DKC | C93: Крышка для кабельного лотка , L=3000мм 35525 (вес=1,58*3=4,74 кг) (Указания по применению ТЕР, п.2.7. Заготовительно-складские расходы на материалы по прайс-листам МАТ=2%) | D93: шт. | E93: 4 | F93: 114,52 244,20*3/1,18/ИндексСМР | J93: 458
A94: 62 | B94: Материалы, DKC | C94: Консоль ML облегченная с осн. 300мм 34104 (вес=0,87 кг) (Указания по применению ТЕР, п.2.7. Заготовительно-складские расходы на материалы по прайс-листам МАТ=2%) | D94: шт. | E94: 8 | F94: 27,89 178,43/1,18/ИндексСМР | J94: 223
A95: 63 | B95: Материалы, DKC | C95: Лоток угловой СРО90, осн.300 36005 (вес=1,8 кг) (Указания по применению ТЕР, п.2.7. Заготовительно-складские расходы на материалы по прайс-листам МАТ=2%) | D95: шт. | E95: 1 | F95: 110,22 705,14/1,18/ИндексСМР | J95: 110
A96: 64 | B96: Материалы, DKC | C96: Крышка углового кабельного лотка СРО90 38005 (вес=1,4 кг) (Указания по применению ТЕР, п.2.7. Заготовительно-складские расходы на материалы по прайс-листам МАТ=2%) | D96: шт. | E96: 1 | F96: 75,18 481,01/1,18/ИндексСМР | J96: 75
A97: 65 | B97: Материалы, DKC | C97: Переходник правосторонний RRD 36337 (вес=0,9 кг) (Указания по применению ТЕР, п.2.7. Заготовительно-складские расходы на материалы по прайс-листам МАТ=2%) | D97: шт. | E97: 1 | F97: 101,13 646,99/1,18/ИндексСМР | J97: 101
A98: 66 | B98: Материалы, DKC | C98: Крышка переходника RRD 38130 (вес=0,54 кг) (Указания по применению ТЕР, п.2.7. Заготовительно-складские расходы на материалы по прайс-листам МАТ=2%) | D98: шт. | E98: 1 | F98: 52,26 334,35/1,18/ИндексСМР | J98: 52
A99: 67 | B99: Материалы, DKC | C99: Стандартный анкер с болтом М8 СМ430850 (вес=0,042 кг) (Указания по применению ТЕР, п.2.7. Заготовительно-складские расходы на материалы по прайс-листам МАТ=2%) | D99: шт. | E99: 24 | F99: 4,21 26,92/1,18/ИндексСМР | J99: 101
A100: 68 | B100: ТЕРм08-02-395-01 Постан.Правит.Свердл.обл. от 10.11.10 №1616-ПП | C100: Монтаж. Лоток металлический штампованный по установленным конструкциям, ширина лотка до 200 мм (200 мм) 2 199,65 = 2 242,32 - 2,54 x 16,80 НР (24 руб.): 95% от ФОТ (25 руб.) СП (16 руб.): 65% от ФОТ (25 руб.) | D100: 1 т | E100: 0,02 (5,31*2+0,59*4+3,33*2)/1000 | F100: 2199.65 | G100: 894.38 | H100: 1248.2 | I100: 337.7 | J100: 44 | K100: 18 | L100: 25 | M100: 7 | N100: 67.5 | O100: 1.35 | P100: 21.36 | Q100: 0.43
A101: 69 | B101: Материалы, DKC | C101: Металлический кабельный лоток перфарированный, осн. 200 _x000D_ h= 50мм, l=3000мм 35264 (вес=1,77*3=5,31 кг) (Указания по применению ТЕР, п.2.7. Заготовительно-складские расходы на материалы по прайс-листам МАТ=2%) | D101: шт. | E101: 2 | F101: 106,24 226,56*3/1,18/ИндексСМР | J101: 212
A102: 70 | B102: Материалы, DKC | C102: Консоль ML облегченная с осн. 200мм 34103 (вес=0,59 кг) (Указания по применению ТЕР, п.2.7. Заготовительно-складские расходы на материалы по прайс-листам МАТ=2%) | D102: шт. | E102: 4 | F102: 18,51 118,44/1,18/ИндексСМР | J102: 74
A103: 71 | B103: Материалы, DKC | C103: Крышка для кабельного лотка , L=3000мм 35524 (вес=1,11*3=3,33 кг) (Указания по применению ТЕР, п.2.7. Заготовительно-складские расходы на материалы по прайс-листам МАТ=2%) | D103: шт. | E103: 2 | F103: 81,98 174,82*3/1,18/ИндексСМР | J103: 164
A104: 72 | B104: ТЕРм08-02-395-01 Постан.Правит.Свердл.обл. от 10.11.10 №1616-ПП | C104: Монтаж. Лоток металлический штампованный по установленным конструкциям, ширина лотка до 200 мм (100 мм) 2 199,65 = 2 242,32 - 2,54 x 16,80 НР (42 руб.): 95% от ФОТ (44 руб.) СП (29 руб.): 65% от ФОТ (44 руб.) | D104: 1 т | E104: 0,0354 (2,14*10+1,26*10+0,1*8+0,0045*50+0,00355*50+0,0045*20+0,00355*20)/1000 | F104: 2199.65 | G104: 894.38 | H104: 1248.2 | I104: 337.7 | J104: 78 | K104: 32 | L104: 44 | M104: 12 | N104: 67.5 | O104: 2.39 | P104: 21.36 | Q104: 0.76
A105: 73 | B105: Материалы, DKC | C105: Металлический кабельный лоток перфарированный, осн. 100 _x000D_ h= 50мм, l=2000мм 35252 (вес=1,07*2=2,14 кг) (Указания по применению ТЕР, п.2.7. Заготовительно-складские расходы на материалы по прайс-листам МАТ=2%) | D105: шт. | E105: 10 | F105: 48,78 156,02*2/1,18/ИндексСМР | J105: 488
A106: 74 | B106: Материалы, DKC | C106: Крышка для кабельного лотка , L=2000мм 35512 (вес=0,63*2=1,26 кг) (Указания по применению ТЕР, п.2.7. Заготовительно-складские расходы на материалы по прайс-листам МАТ=2%) | D106: шт. | E106: 10 | F106: 32,95 105,40*2/1,18/ИндексСМР | J106: 330
A107: 75 | B107: Материалы, DKC | C107: Скоба ТМ, ширина 100мм 30690 (вес=0,1 кг) (Указания по применению ТЕР, п.2.7. Заготовительно-складские расходы на материалы по прайс-листам МАТ=2%) | D107: шт. | E107: 8 | F107: 26,35 168,54/1,18/ИндексСМР | J107: 211
...

Sheet НМЦ
A1: г. Лесной ФГУП "Комбинат "Электрохимприбор"
A3: Расчет начальной (максимальной) цены
A5: Выполнение работ по модернизации системы технологической водоподготовки бассейна профилактория ФГУП "Комбинат "Электрохимприбор"
A8: Составлен в ценах по состоянию на 01.01.2000 г. с переводом в текущие | D8: руб.
A9: Наименование глав ССР, объектных сметных расчетов, локальных сметных расчетов, видов работ | B9: Сметная стоимость в базисных ценах на 01.01.2000 | C9: Текущая стоимость на момент определения начальной (максимальной) цены | D9: № обосновывающего расчета
A13: 1 | B13: 2 | C13: 3 | D13: 4
A14: Архитектурные решения | B14: ='Сводка затрат'!H14 -> 2936 | C14: =ROUND('Сводка затрат'!D14*5.56,0)+ROUND('Сводка затрат'!E14*5.56,0)+ROUND('Сводка затрат'!F14*4.19,0) -> 16324 | D14: 12-027-АР
A15: Технологическая часть | B15: ='Сводка затрат'!H15 -> 353188 | C15: =ROUND('Сводка затрат'!D15*5.56,0)+ROUND('Сводка затрат'!E15*5.56,0)+ROUND('Сводка затрат'!F15*4.19,0) -> 1830693 | D15: 12-027-ТХ
A16: Автоматика | B16: ='Сводка затрат'!H16 -> 214113 | C16: =ROUND('Сводка затрат'!D16*5.56,0)+ROUND('Сводка затрат'!E16*5.56,0)+ROUND('Сводка затрат'!F16*4.19,0) -> 918192 | D16: 12-027-АТХ1
A17: Автоматика | B17: ='Сводка затрат'!H17 -> 90407 | C17: =ROUND('Сводка затрат'!D17*5.56,0)+ROUND('Сводка затрат'!E17*5.56,0)+ROUND('Сводка затрат'!F17*4.19,0) -> 429023 | D17: 12-027-АТХ2
A18: Электрооборудование | B18: ='Сводка затрат'!H18 -> 63658 | C18: =ROUND('Сводка затрат'!D18*5.56,0)+ROUND('Сводка затрат'!E18*5.56,0)+ROUND('Сводка затрат'!F18*4.19,0) -> 322114 | D18: 12-027-ЭМ
A19: Итого | B19: =SUM(B14:B18) -> 724302 | C19: =SUM(C14:C18) -> 3516346
A21: НДС 18% | C21: =ROUND(C19*18%,2) -> 632942.28
A23: Всего | C23: =SUM(C19:C22) -> 4149288.3
A26: Начальник отдела
A27: капитального строительства | C27: В.В. Моляков
A29: Инженер по проектно-сметной работе | C29: Т.Ш. Ковязина
A32: Согласовано | C32: отдел 028

Sheet Сводка затрат
A1: Приложение №__ к договору от "__"______2013 №_______
A3: г. Лесной. ФГУП "Комбинат "Электрохимприбор"
A5: Сводка затрат
A7: Выполнение работ по модернизации системы технологической водоподготовки бассейна профилактория
A8: ФГУП «Комбинат «Электрохимприбор»
A10: Составлен в ценах по состоянию на 01.01.2000 г.
A11: № п/п | B11: Номера сметных расчетов и смет | C11: Наименование работ и затрат | D11: Сметная стоимость | H11: Общая сметная стоимость, руб.
D12: строительных работ | E12: монтажных работ | F12: оборудования, мебели, инвентаря | G12: прочих затрат
A13: 1 | B13: 2 | C13: 3 | D13: 4 | E13: 5 | F13: 6 | G13: 7 | H13: 8
A14: 1 | B14: 12-027-АР | C14: Архитектурные решения | D14: ='12-027-АР'!J81 -> 2936 | E14: 0 | F14: 0 | G14: 0 | H14: =SUM(D14:G14) -> 2936
A15: 2 | B15: 12-027-ТХ | C15: Технологическая часть | D15: ='12-027-ТХ'!J421 -> 63925 | E15: ='12-027-ТХ'!J422 -> 192159 | F15: ='12-027-ТХ'!J423 -> 97104 | G15: 0 | H15: =SUM(D15:G15) -> 353188
A16: 3 | B16: 12-027-АТХ1 | C16: Автоматика | D16: 0 | E16: ='12-027-АТХ1'!J106 -> 15371 | F16: ='12-027-АТХ1'!J107 -> 198742 | G16: 0 | H16: =SUM(D16:G16) -> 214113
A17: 4 | B17: 12-027-АТХ2 | C17: Автоматика | D17: 0 | E17: ='12-027-АТХ2'!J112 -> 36655 | F17: ='12-027-АТХ2'!J113 -> 53752 | G17: 0 | H17: =SUM(D17:G17) -> 90407
A18: 5 | B18: 12-027-ЭМ | C18: Электрооборудование | D18: 0 | E18: ='12-027-ЭМ.СМ'!J139 -> 40428 | F18: ='12-027-ЭМ.СМ'!J140 -> 23230 | G18: 0 | H18: =SUM(D18:G18) -> 63658
C19: Итого в базисных ценах 2000 г. | D19: =SUM(D14:D18) -> 66861 | E19: =SUM(E14:E18) -> 284613 | F19: =SUM(F14:F18) -> 372828 | G19: =SUM(G14:G18) -> 0 | H19: =SUM(D19:G19) -> 724302
C20: Всего в ценах 2012 (Ксмр=5,56, Коб.=4,19) | D20: =ROUND(D19*5.56,0) -> 371747 | E20: =ROUND(E19*5.56,0)+1 -> 1582449 | F20: =ROUND(F19*4.19,0)+1 -> 1562150 | G20: =ROUND(G19*9.32,0) -> 0 | H20: =SUM(D20:G20) -> 3516346
C21: НДС 18% | D21: =ROUND(D20*18%,2) -> 66914.46 | E21: =ROUND(E20*18%,2) -> 284840.82 | F21: =ROUND(F20*18%,2) -> 281187 | G21: =ROUND(G20*18%,2) -> 0 | H21: =SUM(D21:G21) -> 632942.28
C22: Всего в ценах 2012 с НДС | D22: =SUM(D20:D21) -> 438661.46 | E22: =SUM(E20:E21) -> 1867289.8 | F22: =SUM(F20:F21) -> 1843337 | G22: =SUM(G20:G21) -> 0 | H22: =SUM(D22:G22) -> 4149288.3
C26: ЗАКАЗЧИК: | H26: ПОДРЯДЧИК:
C27: Генеральный директор
C28: ФГУП "Комбинат "Электрохимприбор"
C30: __________________ А.В. Новиков
